 Seeded DCSS version 0.31.0-12-g77e489cdc1 (webtiles) character file.

Game seed: 3243982562827229274 (custom seed)

1260653 hikkokomori the Sorcerer (level 27, 0/163 (220) HPs)
             Began as a Demigod Earth Elementalist on Feb 12, 2024.
             Killed from afar by a Brimstone Fiend (39 damage)
             ... with damnation
             ... on level 7 of Gehenna on Feb 29, 2024.
             The game lasted 09:37:04 (128761 turns).

hikkokomori the Sorcerer (DgEE)                   Turns: 128761, Time: 09:37:04

HP:   0/163 (220)   AC: 46    Str: 20    XL:     27
MP:   45/59         EV: 41    Int: 51    God:
Gold: 9508          SH: 32    Dex: 20    Spells: 1/76 levels left

rFire   + + +        Q - +3 Elemental Staff {ele, rElec rF+ rC+ AC+3}
rCold   + + +        C - +8 tower shield {AC+3}
rNeg    + . .        a - +10 pearl dragon scales
rPois   +            I - +1 hat "Zuplygox" {rF+ rC++ Regen+ Dex+3}
rElec   +            j - +1 cloak of Weirdness {Regen+ Stlth+}
rCorr   .            Y - +2 pair of gloves {Str+3}
SInv    .            k - +2 pair of boots of New Discoveries {Str-4 Int+4 Dex+3}
Will    +++++        v - amulet "Xoritipt" {Acrobat Will++}
Stlth   ++++         q - ring "Ohasm" {^Contam rPois EV+5 Int+6}
HPRegen 2.87/turn    M - ring of Getrun {Wiz rC+ Will+ Str+2}
MPRegen 0.36/turn

%: acrobat, wizardry (x1)
@: acrobatic, very heavily drained, unable to read
A: high MP 1, forlorn, divine attributes, fire resistance 1, frail 1,
strong-willed 1, regeneration 1, weak 1, subdued magic 1, MP-powered wands,
persistent drain
}: 12/15 runes: decaying, slimy, silver, iron, icy, abyssal, demonic, glowing,
magical, fiery, dark, gossamer
a: no special abilities


You were on level 7 of Gehenna.
You visited 16 branches of the dungeon, and saw 82 of its levels.
You visited Pandemonium 5 times, and saw 18 of its levels.
You visited the Abyss 1 time.
You completed 1 ziggurat, and saw 27 of its levels.
You also visited: Trove, Bailey, Gauntlet, Ice Cave and Volcano.

You collected 16984 gold pieces.
You spent 7476 gold pieces at shops.

Inventory:

Hand Weapons
 Q - the +3 Elemental Staff (weapon) {ele, rElec rF+ rC+ AC+3}
   (You acquired it on level 3 of the Lair of Beasts)

   AC+3:      It affects your AC (+3).
   rF+:       It protects you from fire.
   rC+:       It protects you from cold.
   rElec:     It insulates you from electricity.
 R - the +9 morningstar of Ufeawisew {heavy, Will+ rCorr SInv}
   (You found it on level 3 of the Elven Halls)

   Will+:     It increases your willpower.
   SInv:      It lets you see invisible.
   rCorr:     It protects you from acid and corrosion.
Missiles
 O - 8 throwing nets
Armour
 a - +10 pearl dragon scales (worn)
 j - the +1 cloak of Weirdness (worn) {Regen+ Stlth+}
   (You found it in Pandemonium)

   Regen+:    It increases your rate of health regeneration.
   Stlth+:    It makes you more stealthy.
 k - the +2 pair of boots of New Discoveries (worn) {Str-4 Int+4 Dex+3}
   (You found it on level 5 of the Vaults)

   Str-4:     It affects your strength (-4).
   Int+4:     It affects your intelligence (+4).
   Dex+3:     It affects your dexterity (+3).
 r - the +1 cloak of the Sacrificial Victim {rF+ Will+ Dex+2}
   (You found it on level 27 of a ziggurat)

   Dex+2:     It affects your dexterity (+2).
   rF+:       It protects you from fire.
   Will+:     It increases your willpower.
 C - a +8 tower shield of protection (worn)
 I - the +1 hat "Zuplygox" (worn) {rF+ rC++ Regen+ Dex+3}
   (You found it in a Gauntlet)

   Dex+3:     It affects your dexterity (+3).
   rF+:       It protects you from fire.
   rC++:      It greatly protects you from cold.
   Regen+:    It increases your rate of health regeneration.
 Y - a +2 pair of gloves of strength (worn)
Magical Staves
 P - the staff "Icol" {Fly rN+ Dex+4 SInv Necro}
   (You found it in Pandemonium)

   [staff of death]

   Base accuracy: +5 Base damage: 5 Base attack delay: 1.2 This weapon's minimum
   attack delay (0.6) is reached at skill level 12.
   Dex+4:     It affects your dexterity (+4).
   rN+:       It protects you from negative energy.
   SInv:      It lets you see invisible.
   Fly:       It grants you flight.
   Necro:     It increases the power of your Necromancy spells.
   It falls into the 'Staves' category.
   It is a one-handed weapon.
Jewellery
 q - the ring "Ohasm" (left hand) {^Contam rPois EV+5 Int+6}
   (You acquired it on level 4 of the Dungeon)

   [ring of evasion]

   EV+5:      It affects your evasion (+5).
   Int+6:     It affects your intelligence (+6).
   rPois:     It protects you from poison ^Contam: It causes magical
   contamination when unequipped.
 v - the amulet "Xoritipt" (around neck) {Acrobat Will++}
   (You took it off a deep elf annihilator on level 3 of the Elven Halls)

   [amulet of the acrobat]

   Acrobat:   It increases your evasion while moving and waiting.
   Will++:    It greatly increases your willpower.
 w - the amulet of the Oligarchy {RegenMP ^Fragile rElec MP-9 Dex+9}
   (You found it in a treasure trove)

   [amulet of magic regeneration]

   RegenMP:   It increases your rate of magic regeneration.
   Dex+9:     It affects your dexterity (+9).
   rElec:     It insulates you from electricity.
   MP-9:      It affects your magic capacity (-9).
   ^Fragile:  It will be destroyed if unequipped.
 z - the ring of Vaun {Fly rC++ Will+ Int-4 SInv}
   (You found it in Pandemonium)

   [ring of flight]

   Int-4:     It affects your intelligence (-4).
   rC++:      It greatly protects you from cold.
   Will+:     It increases your willpower.
   SInv:      It lets you see invisible.
   Fly:       It grants you flight.
 H - the ring "Cyrchyb" {Will+ Str+8 Int-2}
   (You found it on level 22 of a ziggurat)

   [ring of willpower]

   Str+8:     It affects your strength (+8).
   Int-2:     It affects your intelligence (-2).
   Will+:     It increases your willpower.
 J - the ring "Veadduq" {rF+ rN++ Str+5 Int-2}
   (You found it in Pandemonium)

   [ring of protection from fire]

   Str+5:     It affects your strength (+5).
   Int-2:     It affects your intelligence (-2).
   rF+:       It protects you from fire.
   rN++:      It greatly protects you from negative energy.
 K - the ring of Okawaru's Whim {Fire rElec Str+2 Int+5 Dex-5}
   (You found it on level 7 of the Iron City of Dis)

   [ring of fire]

   Fire:      It enhances your fire magic.
   Str+2:     It affects your strength (+2).
   Int+5:     It affects your intelligence (+5).
   Dex-5:     It affects your dexterity (-5).
   rF+:       It protects you from fire.
   rC-:       It makes you vulnerable to cold.
   rElec:     It insulates you from electricity.
 M - the ring of Getrun (right hand) {Wiz rC+ Will+ Str+2}
   (You took it off a minotaur in a Gauntlet)

   [ring of wizardry]

   Wiz:       It improves your spell success rate.
   Str+2:     It affects your strength (+2).
   rC+:       It protects you from cold.
   Will+:     It increases your willpower.
 N - the amulet of the Four Winds {rN+ Will+++ Clar}
   (You found it on level 11 of a ziggurat)

   [amulet of nothing]

   rN+:       It protects you from negative energy.
   Will+++:   It greatly increases your willpower.
   Clar:      It protects you from confusion, rage, mesmerisation and fear.
 X - the ring "Itikejir" {rF+ Str+6 Slay-4 SInv}
   (You found it on level 3 of the Vaults)

   [ring of protection from fire]

   Str+6:     It affects your strength (+6).
   Slay-4:    It affects your accuracy & damage with ranged weapons and melee
   (-4).
   rF+:       It protects you from fire.
   SInv:      It lets you see invisible.
Talismans
 V - a talisman of death
Wands
 i - a wand of light (31)
 o - a wand of digging (33)
 x - a wand of roots (116)
 E - a wand of mindburst (100)
Scrolls
 b - a scroll of amnesia
 l - 16 scrolls of teleportation
 s - 10 scrolls of vulnerability
 u - 13 scrolls of fear
 D - 13 scrolls of immolation
 L - 15 scrolls of fog
 W - 5 scrolls of blinking
 Z - 6 scrolls of revelation
Potions
 c - 5 potions of heal wounds
 d - 20 potions of mutation
 g - 16 potions of curing
 m - 6 potions of resistance
 n - 4 potions of berserk rage
 t - 3 potions of haste
 y - 9 potions of attraction
 A - 2 potions of brilliance
 B - 10 potions of cancellation
 F - 5 potions of magic
 G - 6 potions of might
 T - a potion of invisibility
Miscellaneous
 e - a lightning rod (4/4)
 f - a phial of floods
 h - a +1 figurine of a ziggurat
 p - a sack of spiders
 S - a phantom mirror
 U - a tin of tremorstones (1/2)


   Skills:
 + Level 24.4 Fighting
 - Level 17.3(18.0) Maces & Flails
 - Level 7.9(13.6) Staves
 - Level 3.0 Throwing
 - Level 20.0 Armour
 - Level 18.0 Dodging
 - Level 9.0 Stealth
 + Level 22.6 Shields
 - Level 25.0 Spellcasting
 - Level 16.0 Conjurations
 - Level 20.0 Summonings
 - Level 16.0 Necromancy
 - Level 10.0 Translocations
 - Level 20.0 Fire Magic
 - Level 20.0 Air Magic
 - Level 10.0 Earth Magic
 - Level 9.0 Alchemy
 + Level 17.2 Evocations


You had one spell level left.
You knew the following spells:

 Your Spells              Type           Power      Damage    Failure   Level
a - Bombard               Conj/Erth      61%        9d10      1%          6
b - Passwall              Erth           100%       N/A       0%          3
c - Ignition              Fire           71%        3d19      1%          8
d - Blink                 Tloc           100%       N/A       0%          2
e - Dragon's Call         Summ           58%        N/A       5%          9
f - Animate Armour        Summ/Erth      100%       N/A       0%          4
g - Borgnjor's Vile Clut  Necr/Erth      61%        N/A       1%          5
h - Irradiate             Conj/Alch      49%        3d28      1%          5
i - Borgnjor's Revivific  Necr           54%        N/A       1%          8
j - Swiftness             Air            100%       N/A       0%          3
k - Malign Gateway        Summ/Tloc      52%        N/A       1%          7
l - Death Channel         Necr           54%        N/A       1%          6
m - Apportation           Tloc           100%       N/A       0%          1
n - Maxwell's Capacitive  Air            71%        ∞         1%          8

Your spell library contained the following spells:

 Spells                   Type           Power      Damage    Failure   Level
 Foxfire                  Conj/Fire      100%       2x1d9     0%          1
 Kiss of Death            Conj/Necr      100%       2d13      0%          1
 Magic Dart               Conj           100%       1d8       0%          1
 Necrotise                Necr           100%       1d9       0%          1
 Sandblast                Erth           100%       2d20      0%          1
 Shock                    Conj/Air       100%       1d9       0%          1
 Sting                    Conj/Alch      100%       1d9       0%          1
 Summon Small Mammal      Summ           100%       N/A       0%          1
 Freeze                   Ice            100%       1d10      1%          1
 Slow                     Hex            100%       N/A       1%          1
 Call Imp                 Summ           100%       N/A       0%          2
 Cigotuvi's Dreadful Rot  Necr/Alch/Air  100%       N/A       0%          2
 Lesser Beckoning         Tloc           100%       N/A       0%          2
 Mercury Vapours          Alch/Air       100%       N/A       0%          2
 Momentum Strike          Conj/Tloc      100%       3d10      0%          2
 Scorch                   Fire           100%       2d9       0%          2
 Static Discharge         Conj/Air       100%       3-8/arc   0%          2
 Sublimation of Blood     Necr           100%       N/A       0%          2
 Call Canine Familiar     Summ           100%       N/A       0%          3
 Fugue of the Fallen      Necr           100%       N/A       0%          3
 Gell's Gravitas          Tloc           91%        N/A       0%          3
 Inner Flame              Hex/Fire       100%       N/A       0%          3
 Mephitic Cloud           Conj/Alch/Air  100%       N/A       0%          3
 Stone Arrow              Conj/Erth      100%       3d13      0%          3
 Summon Ice Beast         Ice/Summ       100%       N/A       0%          3
 Teleport Other           Tloc           91%        N/A       0%          3
 Vampiric Draining        Necr           100%       2d13      0%          3
 Volatile Blastmotes      Fire/Tloc      100%       2d18      0%          3
 Airstrike                Air            71%        2d(11-27) 0%          4
 Animate Dead             Necr           100%       N/A       0%          4
 Brom's Barrelling Bould  Conj/Erth      100%       2d11      0%          4
 Dispel Undead            Necr           100%       3d31      0%          4
 Flame Wave               Conj/Fire      100%       2d21      0%          4
 Fulminant Prism          Conj/Alch      49%        3d21      0%          4
 Ignite Poison            Fire/Alch      100%       N/A       0%          4
 Iskenderun's Mystic Bla  Conj/Tloc      100%       2d19      0%          4
 Martyr's Knell           Necr/Summ      100%       N/A       0%          4
 Sticky Flame             Fire/Alch      100%       2d15      0%          4
 Summon Blazeheart Golem  Fire/Summ      100%       N/A       0%          4
 Summon Lightning Spire   Summ/Air       100%       N/A       0%          4
 Vhi's Electric Charge    Tloc/Air       100%       N/A       0%          4
 Arcjolt                  Conj/Air       68%        1d78      0%          5
 Curse of Agony           Necr           100%       N/A       0%          5
 Fireball                 Conj/Fire      68%        3d26      0%          5
 Iskenderun's Battlesphe  Conj           100%       2d15      0%          5
 Summon Forest            Summ/Tloc      52%        N/A       0%          5
 Plasma Beam              Fire/Air       84%        2x1d102   0%          6
 Summon Cactus Giant      Summ           58%        N/A       0%          6
 Ensorcelled Hibernation  Hex/Ice        100%       N/A       1%          2
 Jinxbite                 Hex            98%        N/A       1%          2
 Confusing Touch          Hex            49%        N/A       1%          3
 Dazzling Flash           Conj/Hex       100%       N/A       1%          3
 Frozen Ramparts          Ice            100%       1d16      1%          3
 Hailstorm                Conj/Ice       100%       3d16      1%          3
 Ozocubu's Armour         Ice            65%        N/A       1%          3
 Sigil of Binding         Hex            49%        N/A       1%          3
 Tukima's Dance           Hex            49%        N/A       1%          3
 Anguish                  Hex/Necr       42%        N/A       1%          4
 Cause Fear               Hex            24%        N/A       1%          4
 Dimensional Bullseye     Hex/Tloc       36%        N/A       1%          4
 Leda's Liquefaction      Alch/Erth      55%        N/A       1%          4
 Manifold Assault         Tloc           91%        N/A       1%          4
 Olgreb's Toxic Radiance  Alch           88%        N/A       1%          4
 Passage of Golubria      Tloc           91%        N/A       1%          4
 Petrify                  Alch/Erth      100%       N/A       1%          4
 Alistair's Intoxication  Alch           58%        N/A       1%          5
 Freezing Cloud           Conj/Ice/Air   72%        6-21      1%          5
 Lee's Rapid Deconstruct  Erth           56%        3d26*     1%          5
 Summon Mana Viper        Hex/Summ       91%        N/A       1%          5
 Yara's Violent Unravell  Hex/Alch       35%        3d14      1%          5
 Eringya's Noxious Bog    Alch           44%        4d6       1%          6
 Starburst                Conj/Fire      68%        6d18      1%          6
 Haunt                    Necr/Summ      56%        N/A       1%          7
 Monstrous Menagerie      Summ           58%        N/A       1%          7
 Orb of Destruction       Conj           54%        9d14      1%          7
 Spellforged Servitor     Conj/Summ      56%        N/A       1%          7
 Summon Hydra             Summ           58%        N/A       1%          7
 Infestation              Necr           54%        N/A       1%          8
 Summon Horrible Things   Summ           58%        N/A       1%          8
 Sculpt Simulacrum        Ice/Alch       45%        N/A       4%          6
 Metabolic Englaciation   Hex/Ice        32%        N/A       5%          5
 Lehudib's Crystal Spear  Conj/Erth      61%        10d14     6%          8
 Chain Lightning          Conj/Air       68%        3d91      12%         9
 Disjunction              Tloc           45%        N/A       21%         8
 Death's Door             Necr           54%        N/A       26%         9
 Enfeeble                 Hex            24%        N/A       83%         7
 Ozocubu's Refrigeration  Ice            32%        4d14      83%         7
 Discord                  Hex            24%        N/A       100%        8


Dungeon Overview and Level Annotations

Branches:
Dungeon (15/15)            Temple (0/1) D:6            Lair (5/5) D:11
  Swamp (4/4) Lair:3       Spider (4/4) Lair:2        Slime (5/5) Lair:5
    Orc (2/2) D:11            Elf (3/3) Orc:2        Vaults (5/5) D:13
  Crypt (3/3) Vaults:3       Tomb (0/3) Crypt:3      Depths (4/4) D:15
   Hell (visited)             Dis (7/7) Hell            Geh (7/7) Hell
    Coc (7/7) Hell            Tar (5/7) Hell            Zot (5/5) Depths:4
 Bailey (visited)           IceCv (visited)         Volcano (visited)
Gauntlet (visited)

Shops:
D:1 =   D:3 !   D:5 (   D:8 *   Orc:2 ([(?:   Elf:1 [   Elf:2 (([[*
Elf:3 (:=:   Vaults:1 *   Vaults:2 *

Portals:
Hell: Lair:5 Depths:1 Depths:2 Depths:3 Depths:4
Abyss: Depths:3
Pandemonium: Depths:2 Depths:3

Annotations:
D:10 3 runed translucent doors, PaiMei's ghost, journeyman DsNe


Innate Abilities, Weirdness & Mutations

You have an increased reservoir of magic. (+10% MP)
You shall have no god before yourself.
Your divine heritage dramatically boosts your attributes as you level up.
Your flesh is heat resistant. (rF+)
You are frail. (-10% HP)
You are strong-willed. (Will+)
Your natural rate of healing is unusually fast.
You are weak. (Str -2)
Your spells are a little easier to cast, but a little less powerful.
You expend magic power (3 MP) to strengthen your wands.
Your health recovers twice as slowly from being drained.


Message History

You start resting.
Magic restored.
You open the door. 2 Brimstone Fiends come into view.
There is an open door here.
The Brimstone Fiend roars! x2
The Brimstone Fiend gestures at you.
The sphere of damnation explodes!
The damnation engulfs you!!
You hear a shout!
There is an open door here.
Casting: Maxwell's Capacitive Coupling (mildly dangerous; 1% risk of failure)
Confirm with . or Enter, or press ? or * to list all spells.
You feel a surge of power!
You begin accumulating electric charge. (Press . to continue charging.)
You feel charge building up...
The Brimstone Fiend calls on the powers of darkness!
Your body is wracked with pain!
You feel charge building up...
You feel charge building up... The balrug gestures at you.
Something smites you!
The electricity discharges through the Brimstone Fiend!!!!
The Brimstone Fiend vaporises in an electric haze!
You kill the Brimstone Fiend!
You hear a shout!
Casting: Maxwell's Capacitive Coupling (mildly dangerous; 1% risk of failure)
Confirm with . or Enter, or press ? or * to list all spells.
You feel a surge of power!
You begin accumulating electric charge. (Press . to continue charging.)
You feel charge building up... The balrug gestures at you.
Something smites you!
You feel charge building up... The Brimstone Fiend gestures at you.
The sphere of damnation explodes!
The damnation engulfs you!!
* * * LOW HITPOINT WARNING * * *
You feel charge building up... The Brimstone Fiend gestures at you.
The sphere of damnation explodes!
The damnation engulfs you!!!
You die...

..... ≈≈§§#.. #.1.#
§≈≈≈#.. #...# §≈≈≈###
#..§# ≈≈§ #. #..§# ≈≈ #.
#.§§# #. ## ##1## #. ##≈
###§§§### #### ##§§
#.@.§.§.# ≈≈ #...
##§§##...#...##≈§ #...
##≈§##.2###..##≈≈≈≈≈#..#
##≈≈##..###..##§§≈≈≈#..
##§≈##...#...##§§≈§≈#...
##≈≈##.......##≈≈≈≈≈#...
##≈§§###...###≈≈≈§§ ####
##§≈≈≈≈##'##≈≈≈≈≈ §§≈
≈§§≈≈≈#.#§≈§§§≈ ≈≈§≈


You could see a Brimstone Fiend and a balrug.

Vanquished Creatures
  Cerebov (Pan)
  Antaeus (Coc:7)
  Mnoleg (Pan)
  Gloorx Vloq (Pan)
  Lom Lobon (Pan)
  16 dread liches
  Dispater (Dis:7)
  An orb of fire (Zot:5)
  7 ancient liches
  Mara (Depths:1)
  3 juggernauts
  12 pandemonium lords
  5 royal mummies
  3 Killer Klowns (Zig:11)
  26 shard shrikes
  Geryon (Hell)
  4 golden dragons
  33 caustic shrikes
  4 profane servitors
  Norris (Depths:1)
  10 bone dragons
  3 pearl dragons (Zig:5)
  14 Tzitzimimeh
  8 Brimstone Fiends
  5 electric golems
  14 iron giants
  24 Hell Sentinels
  8 doom hounds
  6 hellephants
  15 tentacled monstrosities
  28 Ice Fiends
  A walking crystal tome (Zig:26)
  Jorgrun (Spider:3)
  A walking earthen tome (Zig:26)
  6 liches
  9 Orb Guardians (Zot:5)
  2 deep elf blademasters (Elf:3)
  3 tainted leviathans
  2 quicksilver dragons
  6 deep elf master archers
  25 titans
  12 searing wretches
  2 walking frostbound tomes (Pan)
  3 sphinxes
  15 tentacled starspawn
  6 death cobs
  8 acid blobs
  21 ancient champions
  26 Executioners
  Frances (D:14)
  Aizul (Elf:1)
  7 shadow dragons
  A thorn hunter (Swamp:2)
  2 eldritch tentacles
  11 storm dragons
  A storm dragon (shapeshifter) (Zig:11)
  The ghost of ojifijod the Wrestler, an adept NaGl of Cheibriados (Swamp:3)
  18 nagarajas
  The ghost of LoggersVIII the Unseen, an adept OpEE of Jiyva (Swamp:4)
  4 tengu reavers (Vaults:5)
  6 azure jellies
  A fenstrider witch (Pan)
  19 fire giants
  9 protean progenitors
  6 revenants
  5 rockslimes
  26 draconian knights
  9 frost giants
  6 iron dragons
  20 draconian monks
  22 narguns
  13 vault wardens
  14 quicksilver elementals
  18 draconian shifters
  An emperor scorpion (Spider:3)
  5 demonspawn warmongers (Pan)
  8 shard shrike simulacra
  5 deep elf sorcerers
  18 draconian scorchers
  A spectral caustic shrike (Tar:2)
  42 balrugs
  8 ghost moths
  2 ghouls (Crypt:2)
  3 formless jellyfish
  6 curse skulls
  16 demonspawn blood saints (Pan)
  18 draconian stormcallers
  2 deep elf elementalists (Elf:3)
  7 caustic shrike skeletons
  2 angels
  11 demonspawn corrupters
  9 ironbound thunderhulks
  5 quicksilver oozes
  46 reapers
  A broodmother (Spider:1)
  14 ironbound preservers
  18 draconian annihilators
  23 very ugly things
  12 orc warlords (Zig:27)
  5 juggernaut skeletons (Pan)
  21 cacodemons
  A stone giant (shapeshifter) (Zig:11)
  8 deep elf demonologists
  21 stone giants
  4 vampire knights
  20 green draconians
  14 demonspawn black suns (Pan)
  A spectral titan (Tar:1)
  An apis (Zig:5)
  9 deep elf annihilators
  15 elemental wellsprings
  3 ophanim (Abyss:3)
  4 deep elf death magi
  3 putrid mouths
  19 black draconians
  14 spark wasps
  2 bennus (Zig:16)
  A minotaur (Gauntlet)
  12 white draconians
  18 war gargoyles
  2 bunyips
  4 dire elephants
  8 yellow draconians
  12 lorocyprocas
  22 wendigos
  Azrael (D:13)
  13 purple draconians
  27 iron golems
  A very ugly thing zombie (Depths:4)
  8 eidola
  4 merfolk javelineers
  10 red draconians
  7 fire dragons
  25 blizzard demons
  7 merfolk impalers
  5 crystal guardians
  6 deep elf high priests
  11 ettins
  11 jiangshi
  9 mummy priests
  Snorg (Lair:3)
  19 green deaths
  2 spectral spriggans
  A shambling mangrove (Swamp:4)
  3 entropy weavers
  7 yaktaur captains
  Fannar (Lair:1)
  An acid blob zombie (Crypt:1)
  Erolcha (D:12)
  9 ice dragons
  5 rakshasas
  8 hell beasts
  29 vault guards
  7 juggernaut simulacra
  A catoblepas (Lair:3)
  10 hydras
  2 great orbs of eyes
  12 salamander tyrants
  7 ogre magi
  2 sphinx zombies
  7 alligators
  6 ghost crabs (Crypt:3)
  9 caustic shrike simulacra
  2 spectral shadow dragons (Tar:1)
  8 spriggan air magi
  2 radroaches
  2 jorogumos
  7 ironbound frosthearts
  A merfolk avatar (Zig:22)
  3 centaur warriors (Vaults:1)
  4 merfolk aquamancers
  24 dancing weapons
  A fenstrider witch skeleton (Crypt:2)
  Erica (Lair:1)
  3 death knights
  8 boulder beetles
  3 spriggan skeletons
  12 two-headed ogres
  12 stokers
  3 death scarabs
  2 satyrs (Zig:22)
  16 tengu warriors
  38 demonic crawlers
  An alligator snapping turtle (Zig:22)
  3 vampire magi
  A sphinx skeleton (Vaults:3)
  3 deep troll shamans
  5 naga warriors
  3 naga sharpshooters
  3 thrashing horrors
  7 spriggan berserkers
  10 hell knights
  12 hell hogs
  A titan zombie (Depths:3)
  21 orc high priests
  12 deep elf knights
  9 deep troll earth magi
  10 crystal echidnas
  6 holy swine (Pan)
  14 shock serpents
  104 sun demons
  18 wretched stars
  4 skysharks
  3 spatial maelstroms
  A fire crab (shapeshifter) (Elf:1)
  9 hellephant skeletons (Pan)
  14 skeletal warriors
  Amaemon (Lair:2)
  10 shadow wraiths
  48 soul eaters
  4 pharaoh ants
  2 goliath frogs
  2 storm dragon skeletons (Zig:14)
  2 cherubim (Abyss:3)
  16 iron trolls
  2 golden dragon zombies (Zig:14)
  6 sea snakes
  5 quicksilver dragon simulacra
  2 swamp dragons
  23 sixfirhies
  22 shadow demons
  5 flayed ghosts
  5 orb spiders
  A spectral anaconda (Tar:2)
  25 deep trolls
  A spriggan rider (Depths:3)
  9 arcanists
  A mana viper (Zig:20)
  2 bunyip skeletons
  A spectral iron dragon (Tar:3)
  A bog body (Crypt:1)
  6 glowing orange brains
  A steelbarb worm (Spider:3)
  6 sun moths
  5 orange crystal statues
  24 deep elf archers
  2 fenstrider witch simulacra (Coc:1)
  15 phantasmal warriors
  5 naga ritualists
  A spectral hydra (Tar:3)
  9 lindwurms
  7 spriggan simulacra
  15 wolf spiders
  18 ironbound convokers
  2 harpies (Zig:22)
  25 deep elf zephyrmancers
  An obsidian statue (Zig:13)
  An iron dragon zombie (Zig:14)
  2 orc knights
  A fire giant zombie (Crypt:2)
  34 deep elf pyromancers
  32 starcursed masses
  A tengu skeleton (Zig:14)
  2 shadow dragon skeletons (Zig:16)
  21 ugly things
  A shining eye (Slime:1)
  8 manticores
  A faun (shapeshifter) (Elf:1)
  12 orc sorcerers
  4 necromancers
  2 meliai (shapeshifter) (Elf:1)
  A faun (Pan)
  A spectral centaur (Tar:2)
  22 moths of wrath
  A human skeleton (Vaults:3)
  A fire giant skeleton (Crypt:2)
  4 elephants
  15 black mambas
  9 cyclopes
  4 Executioner simulacra (Pan)
  An iron dragon skeleton (Zig:16)
  2 worldbinders (Abyss:1)
  5 merfolk sirens
  4 molten gargoyles (Hell)
  4 rust devils
  13 meliai
  An eye of devastation (shapeshifter) (Vaults:5)
  7 apocalypse crabs
  4 kobold blastminers
  2 guardian serpents (Zig:15)
  22 orange demons
  8 water nymphs
  91 smoke demons
  59 large abominations
  17 vault sentinels
  A spriggan zombie (Swamp:4)
  An eye of devastation (Slime:5)
  7 naga magi
  11 ice statues
  6 titan simulacra
  22 cane toads
  An elf zombie (Elf:3)
  5 gargoyles
  A shock serpent skeleton (Crypt:1)
  6 torpor snails
  A torpor snail (shapeshifter) (Vaults:5)
  An unseen horror (D:11)
  An elephant slug zombie (Crypt:1)
  19 hellions
  3 kobold demonologists
  9 freezing wraiths
  9 komodo dragons
  12 efreet
  3 rime drakes
  25 yaktaurs
  17 guardian mummies
  4 tengu conjurers
  9 ancient zymes
  A minotaur zombie (Gauntlet)
  An iron giant simulacrum (Coc:6)
  9 ice devils
  A bunyip simulacrum (Coc:2)
  6 red devils
  45 tormentors
  A golden dragon simulacrum (Coc:6)
  A spectral naga (Tar:1)
  A troll (shapeshifter) (Elf:1)
  A shadow dragon simulacrum (Hell)
  4 queen bees (Pan)
  6 merfolk (Zig:22)
  A spectral harpy (Tar:2)
  26 tarantellas
  17 trolls
  2 silent spectres
  18 hellwings
  13 hornets
  A nameless horror (Dis:1)
  2 polar bears (Lair:4)
  A glass eye (Depths:3)
  4 tyrant leeches
  10 blink frogs
  3 wind drakes (Zig:22)
  2 satyr zombies
  7 dream sheep
  2 iron dragon simulacra
  23 raiju
  10 snapping turtles
  24 jumping spiders
  10 air elementals
  9 spriggans
  16 culicivoras
  A fire dragon skeleton (Crypt:3)
  An ice dragon skeleton (Crypt:1)
  5 vampires
  16 wraiths
  27 yaks
  48 slime creatures
  An ettin skeleton (Vaults:3)
  6 shadows
  8 ushabtiu
  61 ynoxinuls
  4 dire elephant simulacra
  A tyrant leech zombie (Swamp:4)
  3 wargs
  5 wyverns
  4 water elementals
  13 fire elementals
  3 steam dragons
  A human (D:14)
  A fire bat (Abyss:3)
  2 alligator snapping turtle simulacra (Coc:1)
  36 neqoxecs
  5 vampire mosquitoes
  4 basilisks
  2 black mamba skeletons (Crypt:3)
  44 redbacks
  43 chaos spawn
  3 swamp worm simulacra (Swamp:4)
  15 harpy simulacra
  10 swamp worms
  4 small abominations
  2 glowing shapeshifter zombies (Vaults:3)
  5 nagas
  10 hell hounds
  20 water moccasins
  14 hydra simulacra
  67 laughing skulls
  A swamp drake (shapeshifter) (Zig:2)
  36 orc warriors
  A swamp dragon zombie (Swamp:4)
  A human zombie (Vaults:1)
  An ice beast (D:7)
  5 black bears
  4 ettin simulacra
  A boggart (Vaults:2)
  29 ogres
  18 wolves
  A manticore skeleton (Crypt:2)
  2 phantoms
  9 centaurs
  8 kobold brigands
  2 weeping skulls (Abyss:3)
  9 bullfrogs
  2 brain worms (Abyss:3)
  A necrophage (Crypt:2)
  A cane toad simulacrum (IceCv)
  2 earth elementals (Elf:1)
  6 scorpions
  2 naga simulacra
  11 wights
  3 killer bees (D:8)
  A swamp dragon simulacrum (Hell)
  A shapeshifter skeleton (Crypt:1)
  4 electric eels
  4 howler monkeys
  3 bombardier beetles
  2 quasits
  3 jellies
  A jelly (shapeshifter) (Elf:1)
  3 gnoll boudas
  5 iguanas
  8 orc priests
  7 hounds
  2 sleepcaps
  Ijyb (D:3)
  Terence (D:3)
  Crazy Yiuf (D:4)
  16 orc wizards
  5 hell rats
  A polar bear simulacrum (IceCv)
  A wolf simulacrum (IceCv)
  47 mummies
  11 gnolls
  9 adders
  2 shadow imps
  8 white imps
  5 ufetubi
  4 swamp drake simulacra (Swamp:4)
  5 dart slugs
  2 ribbon worms
  50 orcs
  13 endoplasms
  2 giant cockroaches
  10 goblins
  8 hobgoblins
  45 kobolds
  4 quokkas
  6 ball pythons
  5 bats
  5 frilled lizards
  A frilled lizard skeleton (Crypt:2)
  2 goblin skeletons
  A quokka skeleton (Crypt:1)
  4 rats
  4 aspiring fleshes
  3 creeping infernos
  A lurking horror (Abyss:3)
  9 starspawn tentacles
4074 creatures vanquished.

Vanquished Creatures (collateral kills)
  the Royal Jelly (Slime:5)
  2 orbs of fire (Zot:5)
  2 ancient liches
  2 dread liches (Zot:5)
  Mennas (Depths:3)
  A juggernaut (Zig:21)
  A pandemonium lord (Pan)
  Parghit (Zot:2)
  Vv (Zot:1)
  2 Killer Klowns (Zot:5)
  Bai Suzhen (Spider:3)
  6 shard shrikes
  The ghost of WeeknightWizard the Sorcerer, a veteran DEFE of Vehumet (Depths:2)
  3 caustic shrikes
  2 curse toes
  9 golden dragons
  3 doom hounds (Zot:4)
  3 Tzitzimimeh
  4 electric golems
  2 bone dragons
  3 Brimstone Fiends
  6 iron giants
  4 Ice Fiends
  9 tentacled monstrosities
  A hellephant (Geh:3)
  4 Hell Sentinels
  15 Orb Guardians (Zot:5)
  The ghost of Minsecho the Warrior, an adept FoFi of Makhleb (Swamp:4)
  2 searing wretches (Geh:7)
  Grunn (Zot:4)
  A deep elf blademaster (Zig:17)
  The ghost of Banquo the Blocker, an adept DjAE of Makhleb (Swamp:3)
  A quicksilver dragon (Zot:3)
  Asterion (Vaults:2)
  16 titans
  2 walking frostbound tomes
  3 sphinxes
  8 Executioners (Pan)
  4 acid blobs
  3 death cobs
  2 ancient champions
  A tentacled starspawn (Abyss:3)
  An eldritch tentacle (Zig:11)
  Kirke (D:14)
  4 shadow dragons
  3 nagarajas (Zig:20)
  11 storm dragons
  12 azure jellies
  3 tengu reavers (Vaults:5)
  The ghost of hikkokomori the Blocker, an adept MfBe of Trog (Swamp:4)
  9 rockslimes
  4 protean progenitors (Pan)
  5 draconian monks
  5 demonspawn warmongers (Pan)
  4 iron dragons
  4 draconian knights
  3 emperor scorpions
  3 vault wardens (Vaults:5)
  9 balrugs
  13 fire giants
  4 narguns
  2 deep elf sorcerers
  3 draconian scorchers
  4 frost giants
  A quicksilver elemental (Dis:1)
  An orc warlord (Zig:27)
  2 curse skulls (Zig:17)
  3 draconian shifters
  A ghost moth (Pan)
  2 ironbound preservers (Vaults:1)
  12 reapers
  A shard shrike simulacrum (Coc:4)
  2 ghouls (Crypt:1)
  8 quicksilver oozes
  A deep elf elementalist (Elf:3)
  A spriggan defender (Depths:3)
  11 cacodemons (Pan)
  2 demonspawn corrupters (Pan)
  4 draconian stormcallers
  A juggernaut skeleton (Pan)
  5 very ugly things
  5 stone giants
  A caustic shrike skeleton (Pan)
  4 demonspawn blood saints (Pan)
  2 formless jellyfish (Slime:5)
  2 black draconians
  2 ironbound thunderhulks
  2 draconian annihilators
  A broodmother (Spider:2)
  A putrid mouth (Tar:2)
  4 deep elf annihilators
  2 deep elf death magi
  An eleionoma (Swamp:3)
  A vampire knight (Depths:1)
  2 demonspawn black suns (Pan)
  2 lorocyprocas (Pan)
  8 war gargoyles
  5 yellow draconians
  3 elemental wellsprings
  2 dire elephants
  A wendigo (Coc:7)
  4 red draconians
  4 white draconians
  3 green draconians
  A purple draconian (Zot:1)
  A spark wasp (Spider:4)
  11 blizzard demons (Pan)
  A bunyip (Swamp:1)
  An iron golem (Dis:1)
  6 green deaths (Pan)
  A shambling mangrove (Swamp:3)
  A merfolk javelineer (Depths:1)
  4 fire dragons
  3 ettins
  A mummy priest (Pan)
  A quicksilver dragon zombie (Depths:3)
  A deep elf high priest (Elf:3)
  A merfolk impaler (Depths:1)
  7 great orbs of eyes
  5 entropy weavers
  3 jiangshi
  2 vault guards
  4 yaktaur captains
  10 salamander tyrants
  2 jorogumos
  A rakshasa (D:15)
  2 juggernaut simulacra
  2 caustic shrike simulacra
  3 ice dragons
  An ogre mage (Orc:2)
  3 spriggan air magi
  A hell beast (Tar:2)
  4 hydras
  3 catoblepae
  2 ghost crabs
  5 boulder beetles
  3 centaur warriors
  2 alligators
  2 peacekeepers
  15 dancing weapons
  A merfolk avatar (Zig:22)
  5 tengu warriors (Depths:1)
  2 ironbound frosthearts
  2 deep troll shamans (Depths:3)
  A naga warrior (Zig:20)
  A radroach (Pan)
  3 deep troll earth magi
  6 two-headed ogres
  An alligator snapping turtle (Zig:22)
  2 orc high priests
  A hell hog (Geh:7)
  6 demonic crawlers
  A titan zombie (Depths:3)
  3 deep elf knights (Elf:2)
  A spriggan berserker (Depths:1)
  A shock serpent (Pan)
  3 vampire magi
  A thrashing horror (Abyss:3)
  7 soul eaters
  2 hell knights
  17 sun demons
  4 crystal echidnas
  A shadow wraith (Tar:2)
  3 skysharks (Zot:3)
  A pharaoh ant (Spider:4)
  7 sixfirhies
  2 skeletal warriors (Crypt:1)
  A spatial maelstrom (Zig:26)
  A storm dragon skeleton (Depths:3)
  2 flayed ghosts (Crypt:3)
  A spriggan rider (Swamp:4)
  2 goliath frogs
  8 iron trolls
  A skyshark (shapeshifter) (Vaults:5)
  A quicksilver dragon simulacrum (Zig:19)
  An arcanist (D:13)
  2 sea snakes (Zig:11)
  A glowing orange brain (Depths:2)
  2 bog bodies
  15 deep trolls
  A spriggan druid (Swamp:3)
  5 shadow demons (Pan)
  8 lindwurms
  3 phantasmal warriors (Vaults:5)
  7 steelbarb worms
  2 deep elf zephyrmancers
  2 ironbound convokers
  2 swamp dragons
  2 necromancers
  4 sun moths
  3 deep elf pyromancers
  4 harpies (Vaults:5)
  An orb spider (shapeshifter) (D:15)
  7 shining eyes
  15 ugly things
  A frost giant zombie (Depths:3)
  11 moths of wrath
  A faun (Pan)
  2 will-o-the-wisps (Swamp:4)
  A manticore (D:14)
  5 wolf spiders
  A cyclops (Orc:2)
  8 elephants
  A rust devil (Pan)
  A meliai (Spider:3)
  A guardian serpent (Zig:20)
  A kobold blastminer (Orc:2)
  13 smoke demons
  An eye of devastation (shapeshifter) (Depths:3)
  A shock serpent zombie (Crypt:1)
  A black mamba (Lair:5)
  3 eyes of devastation
  An apocalypse crab (Zig:26)
  3 cane toads (Lair:5)
  2 torpor snails (Spider:4)
  5 vault sentinels
  A cane toad (shapeshifter) (Elf:1)
  3 titan simulacra
  2 naga magi (Zig:20)
  7 orange demons (Pan)
  3 rime drakes (Lair:5)
  A yaktaur (Vaults:1)
  6 large abominations
  2 hellions
  7 freezing wraiths
  5 komodo dragons
  5 ice devils
  A bunyip simulacrum (Coc:1)
  5 tormentors
  2 anaconda simulacra
  An efreet (Pan)
  A yaktaur (shapeshifter) (Elf:2)
  2 tengu conjurers (Depths:3)
  5 red devils
  A spectral harpy (Tar:2)
  4 trolls (Orc:2)
  A polar bear (Lair:4)
  4 hellwings
  An alligator simulacrum (Coc:1)
  3 hornets
  2 glass eyes (Slime:5)
  A wind drake (Zig:22)
  A snapping turtle (Zig:22)
  5 tyrant leeches
  A blink frog (Lair:4)
  6 tarantellas
  2 stone giant simulacra
  3 dream sheep (Lair:4)
  5 jumping spiders
  3 culicivoras (Spider:2)
  A dire elephant simulacrum (Coc:4)
  60 slime creatures
  2 water elementals
  2 fire dragon skeletons (Crypt:3)
  8 ynoxinuls (Pan)
  A culicivora (shapeshifter) (Elf:1)
  8 spriggans
  3 fire elementals
  A yak (shapeshifter) (D:13)
  A fire bat (Abyss:3)
  10 yaks
  A slime creature zombie (Crypt:1)
  5 basilisks
  A golden eye (Slime:5)
  2 alligator snapping turtle simulacra
  3 neqoxecs
  A vampire mosquito (Swamp:2)
  10 chaos spawn (Pan)
  8 redbacks
  5 harpy simulacra
  2 nagas (shapeshifter)
  3 swamp worms
  4 water moccasins
  3 hydra simulacra
  5 hell hounds
  A nameless horror (Lair:4)
  2 swamp drakes (Swamp:1)
  2 orc warriors (Orc:1)
  2 ettin simulacra (Coc:4)
  9 laughing skulls
  11 ogres
  3 wolves
  A bullfrog (Lair:4)
  2 necrophages (Crypt:1)
  3 orc priests
  An orc wizard (Orc:2)
  8 white imps (Lair:4)
  A swamp drake simulacrum (Swamp:4)
  6 orcs
  4 aspiring fleshes
  6 fire vortices
1048 creatures vanquished.

Vanquished Creatures (others)
  An ancient lich (Hell)
  A Killer Klown (Zot:5)
  A golden dragon (Zot:4)
  An Orb Guardian (Zot:5)
  19 eldritch tentacles
  An ancient champion (Dis:6)
  A draconian knight (Zot:2)
  A fire giant (Zig:21)
  A demonspawn warmonger (Pan)
  A draconian scorcher (Zig:25)
  2 balrugs (Geh:7)
  A ghost moth (Zot:3)
  A cacodemon (Pan)
  2 reapers (Pan)
  A formless jellyfish (shapeshifter) (Zig:18)
  A demonspawn blood saint (Pan)
  2 rockslime zombies (Slime:5)
  An elemental wellspring (Coc:2)
  A white draconian (Zig:25)
  2 war gargoyles
  2 yellow draconians
  A bunyip (Swamp:3)
  A demonspawn black sun (Pan)
  A very ugly thing zombie (Depths:4)
  2 acid blob zombies (Slime:5)
  A quicksilver dragon zombie (Zot:3)
  An ice dragon (Swamp:4)
  A caustic shrike simulacrum (Coc:7)
  A stoker (Geh:7)
  17 Orb Guardian zombies (Zot:5)
  2 azure jelly zombies (Slime:5)
  2 quicksilver ooze zombies (Slime:5)
  2 thrashing horrors (Zig:26)
  A soul eater (Pan)
  4 storm dragon zombies
  2 deep elf knights
  2 sun demons (Pan)
  A sixfirhy (Pan)
  A deep troll (Depths:3)
  A shadow dragon zombie (Vaults:5)
  2 alligator zombies (Swamp:4)
  A broodmother zombie (Spider:2)
  2 wolf spider zombies (Spider:2)
  A deep elf zephyrmancer (Elf:2)
  A frost giant zombie (Depths:4)
  2 ugly thing zombies
  2 jorogumo zombies (Pan)
  A sphinx simulacrum (D:15)
  A fire giant zombie (Depths:1)
  A goliath frog zombie (Swamp:2)
  A will-o-the-wisp (Swamp:3)
  11 draconian zombies
  A faun (Pan)
  3 shock serpent zombies (Pan)
  2 smoke demons (Pan)
  3 white draconian zombies
  37 human zombies
  A merfolk zombie (Pan)
  A purple draconian zombie (Zot:1)
  4 steelbarb worm zombies
  3 green draconian zombies
  3 black draconian zombies
  3 swamp worm zombies
  3 yellow draconian zombies
  An iron troll zombie (Depths:1)
  An orb spider zombie (Spider:2)
  An anaconda simulacrum (Coc:7)
  4 red draconian zombies
  An iron giant simulacrum (Coc:2)
  3 harpy zombies (Vaults:5)
  16 redback zombies
  3 demonic crawler zombies (Spider:4)
  A bloated husk (Swamp:3)
  2 great orb of eyes zombies (Slime:5)
  A hydra zombie (Lair:5)
  6 tarantella zombies (Spider:2)
  A hornet (Swamp:4)
  A boulder beetle zombie (Vaults:1)
  5 sun moth zombies
  4 culicivora zombies
  5 moth of wrath zombies
  An ettin zombie (Vaults:5)
  2 ice dragon zombies
  7 meliai zombies
  9 jumping spider zombies
  2 ynoxinuls (Pan)
  A dire elephant simulacrum (Coc:2)
  A naga simulacrum (Coc:4)
  A water elemental (Elf:2)
  2 fire elementals
  An alligator snapping turtle simulacrum (Coc:2)
  4 humans (D:14)
  A tyrant leech zombie (Swamp:3)
  6 spriggan zombies
  8 slime creature zombies
  A chaos spawn (Pan)
  2 neqoxecs (Pan)
  A harpy simulacrum (Coc:2)
  2 two-headed ogre zombies
  16 deep troll zombies
  7 tengu zombies
  3 entropy weaver zombies
  2 cane toad zombies (Lair:5)
  3 hornet zombies
  42 elf zombies
  An elephant zombie (Lair:3)
  A swamp dragon zombie (Swamp:2)
  3 lindwurm zombies
  2 torpor snail zombies (Spider:4)
  12 yaktaur zombies
  A warg zombie (Orc:1)
  A water moccasin zombie (Lair:2)
  2 troll zombies
  6 demonspawn zombies
  4 yak zombies (Lair:2)
  5 wolf zombies
  A bullfrog zombie (Lair:2)
  A basilisk zombie (Lair:5)
  An orc wizard (D:6)
  14 ogre zombies
  An ufetubus (Abyss:3)
  A quokka (Depths:3)
  25 orc zombies
  5 creeping infernos
  10 fire vortices
  13 foxfires
  27 starspawn tentacles
496 creatures vanquished.

Grand Total: 5618 creatures vanquished

Notes
Turn   | Place    | Note
-------+----------+-------------------------------------------
     0 | D:1      | hikkokomori the Demigod Earth Elementalist began the quest
                  | for the Orb.
     0 | D:1      | Reached XP level 1. HP: 14/14 MP: 5/5
   137 | D:1      | Found Peixki's Jewellery Emporium.
   212 | D:1      | Reached skill level 1 in Conjurations
   428 | D:1      | Reached XP level 2. HP: 19/20 MP: 4/7
   495 | D:1      | Reached skill level 2 in Spellcasting
  1303 | D:2      | Reached skill level 1 in Shields
  1303 | D:2      | Reached XP level 3. HP: 26/26 MP: 4/8
  1805 | D:2      | You fall into a shaft and drop 2 floors!
  1818 | D:4      | Identified 2 scrolls of acquirement
  1818 | D:4      | Acquired the ring "Ohasm" {^Contam rPois EV+5 Int+6}
  1887 | D:3      | Found Jerue's Distillery.
  2490 | D:3      | Learned a level 3 spell: Passwall
  2680 | D:3      | Noticed Ijyb
  2681 | D:3      | Noticed Terence
  2705 | D:3      | Reached XP level 4. HP: 22/34 MP: 0/9
  2750 | D:2      | Acquired a book of Unlife
  3231 | D:4      | Reached skill level 1 in Fighting
  3231 | D:4      | Reached skill level 1 in Armour
  3297 | D:4      | Noticed an ogre
  3315 | D:4      | Killed an ogre
  3316 | D:4      | Reached XP level 5. HP: 41/41 MP: 7/10
  3382 | D:4      | Found a runed translucent door.
  3383 | D:4      | Noticed Crazy Yiuf
  3391 | D:4      | Killed Crazy Yiuf
  3555 | D:4      | Noticed a black bear
  3562 | D:4      | Killed a black bear
  3563 | D:4      | Reached XP level 6. HP: 42/50 MP: 9/11
  3953 | D:5      | Entered Level 5 of the Dungeon
  3968 | D:5      | Learned a level 3 spell: Stone Arrow
  3971 | D:5      | Learned a level 2 spell: Blink
  3972 | D:5      | Found Imogafet's Weapon Shoppe.
  4040 | D:5      | Reached skill level 1 in Maces & Flails
  4040 | D:5      | Reached skill level 1 in Evocations
  4179 | D:5      | Reached XP level 7. HP: 55/57 MP: 13/13
  4357 | D:5      | Acquired 1060 gold pieces
  4762 | D:3      | Killed Terence
  4774 | D:3      | Killed Ijyb
  5121 | D:6      | Found a staircase to the Ecumenical Temple.
  5303 | D:6      | Reached skill level 3 in Spellcasting
  5303 | D:6      | Reached XP level 8. HP: 63/63 MP: 15/15
  5497 | D:6      | Reached skill level 4 in Spellcasting
  5543 | D:6      | Reached skill level 5 in Earth Magic
  5827 | D:6      | Learned a level 4 spell: Animate Dead
  6117 | D:5      | Reached skill level 5 in Conjurations
  6117 | D:5      | Reached XP level 9. HP: 69/69 MP: 19/19
  6192 | D:7      | Reached skill level 5 in Spellcasting
  6513 | D:7      | Reached skill level 1 in Necromancy
  6871 | D:1      | Bought a ring of ice for 325 gold pieces
  6871 | D:1      | Acquired a book of Armaments
  6878 | D:1      | Learned a level 4 spell: Animate Armour
  7020 | D:8      | Found Dyar Decw's Serpentskin Sales.
  7083 | D:8      | Bought the Catalogue of Toxicity for 286 gold pieces
  7156 | D:8      | Reached skill level 5 in Fighting
  7161 | D:8      | Reached skill level 5 in Maces & Flails
  7746 | D:9      | Reached XP level 10. HP: 77/81 MP: 16/21
  7881 | D:9      | Reached skill level 1 in Summonings
  8656 | D:10     | Entered Level 10 of the Dungeon
  8765 | D:10     | Identified the +5 quarterstaff "Zaoseppa" {freeze, ^Fragile
                  | rPois rF+}
  8784 | D:10     | Noticed an ogre mage
  8785 | D:10     | Found a runed translucent gate.
  8785 | D:10     | Noticed PaiMei's ghost (journeyman DsNe)
  8786 | D:10     | Found a runed translucent gate.
  8786 | D:10     | Noticed a boulder beetle
  8787 | D:10     | Found a runed translucent gate.
  8787 | D:10     | Noticed a six-headed hydra
  8795 | D:10     | Found a flagged portal.
  8942 | D:10     | Reached skill level 5 in Necromancy
  8973 | D:10     | Noticed a sun demon
  9035 | D:10     | Noticed a soul eater
  9133 | Bailey   | Entered a bailey
  9184 | Bailey   | Reached XP level 11. HP: 67/86 MP: 9/22
  9270 | Bailey   | Noticed a two-headed ogre
  9279 | Bailey   | Killed a two-headed ogre
  9871 | D:11     | Paralysed by a hornet for 3 turns
  9958 | D:11     | Noticed a two-headed ogre
 10004 | D:10     | Killed a two-headed ogre
 10192 | D:11     | Found a staircase to the Orcish Mines.
 10560 | D:11     | Reached skill level 7 in Spellcasting
 10560 | D:11     | Reached XP level 12. HP: 101/101 MP: 23/26
 10599 | D:11     | Found a staircase to the Lair.
 10698 | D:12     | Learned a level 5 spell: Borgnjor's Vile Clutch
 10984 | D:12     | Noticed Erolcha
 11039 | D:12     | Reached skill level 1 in Throwing
 11400 | D:12     | Noticed a boulder beetle
 11475 | D:12     | Reached skill level 5 in Shields
 11507 | D:12     | Killed a boulder beetle
 11745 | D:12     | Killed Erolcha
 11916 | Orc:1    | Entered Level 1 of the Orcish Mines
 12016 | Orc:1    | Noticed a boulder beetle
 12026 | Orc:1    | Reached XP level 13. HP: 92/107 MP: 12/28
 12050 | Orc:1    | HP: 1/107 [kobold blastminer/iron shot (21)]
 12648 | Lair:1   | Entered Level 1 of the Lair of Beasts
 12648 | Lair:1   | Found a gate leading to a gauntlet.
 12657 | Gauntlet | Entered a Gauntlet
 12657 | Gauntlet | Found a transporter.
 12660 | Gauntlet | Found a transporter.
 12675 | Gauntlet | Found a transporter.
 12679 | Gauntlet | Found a transporter.
 12689 | Gauntlet | Found a transporter.
 12709 | Gauntlet | Found a transporter.
 12722 | Gauntlet | Found a transporter.
 12742 | Gauntlet | Found a transporter.
 12746 | Gauntlet | Found a transporter.
 12754 | Gauntlet | Found a transporter.
 12778 | Gauntlet | Found a transporter.
 12782 | Gauntlet | Found a transporter.
 12865 | Gauntlet | Identified the +1 hat "Zuplygox" {rF+ rC++ Regen+ Dex+3}
 12916 | Gauntlet | Identified the ring of Aso Toukh {rElec rN+ Str+2 Int+6
                  | Dex-5}
 12950 | Gauntlet | Identified the ring of Getrun {Wiz rC+ Will+ Str+2}
 12950 | Gauntlet | Noticed a minotaur
 12976 | Gauntlet | HP: 4/160 [minotaur/+4 battleaxe of electrocution (28)]
 12980 | Gauntlet | Killed a minotaur
 13332 | Lair:1   | Reached skill level 8 in Spellcasting
 13532 | Lair:1   | Noticed Fannar
 13534 | Lair:1   | Noticed Erica
 13540 | Lair:1   | Killed Fannar
 13541 | Lair:1   | Reached skill level 5 in Armour
 13546 | Lair:1   | Killed Erica
 14050 | Lair:2   | Found a dark tunnel.
 14060 | Volcano  | Entered a volcano
 14526 | Lair:2   | Noticed Amaemon
 14595 | Lair:2   | Killed Amaemon
 14600 | Lair:2   | Your ally Amaemon died
 14799 | Lair:2   | Found a hole to the Spider Nest.
 15433 | Lair:3   | Noticed Snorg
 15444 | Lair:3   | Killed Snorg
 15930 | Lair:3   | Reached XP level 14. HP: 115/115 MP: 23/30
 16014 | Lair:3   | Acquired the +3 Elemental Staff {ele, rElec rF+ rC+ AC+3}
 16014 | Lair:3   | Found the +3 Elemental Staff {ele, rElec rF+ rC+ AC+3}
 16037 | Lair:3   | Found a staircase to the Swamp.
 16873 | Lair:4   | Found a frozen archway.
 16886 | Lair:4   | Learned a level 5 spell: Irradiate
 16891 | IceCv    | Entered an ice cave
 16917 | IceCv    | Found a transporter.
 16930 | IceCv    | Identified the +4 scimitar of the Hammering Gods {freeze,
                  | rF- Dex+6}
 16974 | IceCv    | Found a transporter.
 17397 | Lair:4   | Reached skill level 5 in Summonings
 17552 | Lair:4   | You fall into a shaft and drop 1 floor!
 17552 | Lair:5   | Entered Level 5 of the Lair of Beasts
 17894 | Lair:5   | Found a staircase to the Slime Pits.
 18555 | Lair:5   | Found a gateway to Hell.
 19334 | Orc:2    | Entered Level 2 of the Orcish Mines
 19335 | Orc:2    | Found a staircase to the Elven Halls.
 19401 | Orc:2    | Found Arhaidep's Armour Emporium.
 19668 | Orc:2    | Found Yhelui's Book Boutique.
 19676 | Orc:2    | Reached skill level 5 in Evocations
 19676 | Orc:2    | Reached XP level 15. HP: 110/124 MP: 24/32
 19708 | Orc:2    | Reached skill level 9 in Spellcasting
 19733 | Orc:1    | Reached skill level 10 in Earth Magic
 19936 | Orc:2    | Found Azeus's Magic Scroll Emporium.
 19937 | Orc:2    | Found Tatye's Weapon Shoppe.
 19946 | Orc:2    | Bought a scroll of revelation for 105 gold pieces
 19946 | Orc:2    | Bought a scroll of identify for 28 gold pieces
 19946 | Orc:2    | Bought a scroll of teleportation for 42 gold pieces
 19946 | Orc:2    | Bought a scroll of blinking for 105 gold pieces
 19946 | Orc:2    | Bought a scroll of noise for 14 gold pieces
 19973 | Orc:2    | Found Wyubefub's Antique Weapon Emporium.
 20169 | Orc:2    | Bought a +2 pair of boots of flying for 236 gold pieces
 20429 | D:13     | Noticed Azrael
 20463 | D:13     | Killed Azrael
 21158 | D:13     | Found a gate to the Vaults.
 21171 | D:13     | Reached skill level 1 in Alchemy
 21176 | D:13     | Reached skill level 1 in Translocations
 21915 | D:14     | Reached skill level 10 in Fighting
 21971 | D:14     | Found a portal to a secret trove of treasure.
 22002 | D:14     | Noticed Frances
 22003 | D:14     | Noticed Kirke
 22049 | D:14     | Killed Kirke
 22423 | D:14     | Killed Frances
 22788 | D:15     | Entered Level 15 of the Dungeon
 22792 | D:15     | Identified the +1 plate armour of Conwiel {rElec rC+}
 22819 | D:15     | Paralysed by an ogre mage for 3 turns
 22838 | D:15     | Reached skill level 10 in Spellcasting
 23599 | D:15     | Found a staircase to the Depths.
 24238 | Spider:1 | Entered Level 1 of the Spider Nest
 24338 | Lair:2   | Learned a level 4 spell: Olgreb's Toxic Radiance
 24737 | Spider:1 | Reached XP level 16. HP: 134/134 MP: 21/35
 24770 | Spider:1 | Reached skill level 5 in Alchemy
 25572 | Spider:1 | Reached skill level 1 in Fire Magic
 25713 | Spider:1 | Found the +10 Black Knight's barding {ponderous, rPois rN+}
 27080 | Swamp:1  | Entered Level 1 of the Swamp
 28672 | Swamp:2  | Identified the +1 whip "Taskupon" {freeze, rN+++}
 28798 | Swamp:3  | Noticed a tentacled monstrosity
 28810 | Swamp:3  | Killed a tentacled monstrosity
 29548 | Swamp:4  | Entered Level 4 of the Swamp
 29676 | Swamp:4  | Found a runed translucent gate.
 29676 | Swamp:4  | Found a runed translucent gate.
 29676 | Swamp:4  | Found a runed translucent gate.
 29678 | Swamp:4  | Noticed hikkokomori's ghost (adept MfBe)
 29679 | Swamp:4  | Noticed Minsecho's ghost (adept FoFi)
 29679 | Swamp:4  | Noticed LoggersVIII's ghost (adept OpEE)
 29681 | Swamp:4  | Noticed Banquo's ghost (adept DjAE)
 29681 | Swamp:4  | Noticed ojifijod's ghost (adept NaGl)
 30236 | Swamp:4  | Reached XP level 17. HP: 69/140 MP: 7/37
 30393 | Swamp:4  | Got a decaying rune of Zot
 30432 | Swamp:4  | Reached skill level 11 in Spellcasting
 31037 | Swamp:4  | Killed LoggersVIII's ghost
 31040 | Swamp:4  | Killed Minsecho's ghost
 31041 | Swamp:4  | HP: 2/140 [Banquo's ghost/stone arrow (40)]
 31167 | Swamp:3  | Killed ojifijod's ghost
 31277 | Swamp:3  | Killed Banquo's ghost
 31301 | Swamp:4  | Killed hikkokomori's ghost
 31331 | Swamp:4  | Identified the ring "Pepn" {Wiz Dex+2}
 32387 | Spider:3 | Noticed Jorgrun
 32392 | Spider:3 | Killed Jorgrun
 32397 | Spider:3 | Reached skill level 10 in Shields
 32685 | Spider:3 | Noticed Bai Suzhen
 32712 | Spider:3 | Killed Bai Suzhen
 33771 | Spider:4 | Entered Level 4 of the Spider Nest
 34096 | Spider:4 | Learned a level 3 spell: Swiftness
 34496 | Spider:4 | Reached skill level 1 in Air Magic
 34639 | Spider:4 | Reached skill level 5 in Fire Magic
 34889 | Spider:4 | Got a gossamer rune of Zot
 35149 | Elf:1    | Entered Level 1 of the Elven Halls
 35620 | Elf:1    | Found Bayajidda's Dragon-Slaying Spoils.
 35627 | Elf:1    | Bought +0 pearl dragon scales for 1600 gold pieces
 35737 | Elf:1    | Reached skill level 10 in Armour
 36000 | Elf:1    | Identified the serpent talisman of the Enchanted Forest
                  | {Dex+2}
 36000 | Elf:1    | Noticed Aizul
 36007 | Elf:1    | Reached XP level 18. HP: 121/151 MP: 12/38
 36023 | Elf:1    | Killed Aizul
 37339 | Elf:2    | Found Uroigi's Assorted Antiques.
 37389 | Elf:2    | Bought a runed scarf for 272 gold pieces
 37389 | Elf:2    | Bought a murky emerald potion for 30 gold pieces
 37461 | Elf:2    | Found Seigeh's Antique Armour Shoppe.
 37612 | Elf:2    | Bought a dazzling chain mail for 266 gold pieces
 37612 | Elf:2    | Identified the +1 chain mail of Zimioschizui {rCorr Str+2}
                  | (You bought it in a shop on level 2 of the Elven Halls)
 37634 | Elf:2    | Bought a runed cloak for 210 gold pieces
 37647 | Elf:2    | Found Rahos's Antique Armour Shoppe.
 37708 | Elf:2    | Found Vonkos's Antique Weapon Boutique.
 37941 | Elf:2    | Paralysed by an air elemental for 1 turns
 38041 | Elf:2    | Reached skill level 12 in Spellcasting
 38140 | Elf:2    | Found a runed translucent gate.
 38140 | Elf:2    | Found a runed translucent gate.
 38140 | Elf:2    | Found a runed translucent gate.
 38461 | Elf:2    | Found Ybomool's Weapon Shoppe.
 39339 | Elf:3    | Entered Level 3 of the Elven Halls
 39911 | Elf:3    | Found Vohuyg's Weapon Emporium.
 40309 | Elf:3    | Noticed a Brimstone Fiend
 40320 | Elf:3    | Reached skill level 13 in Spellcasting
 40333 | Elf:3    | Reached skill level 10 in Evocations
 40730 | Elf:3    | Identified the amulet "Xoritipt" {Acrobat Will++}
 40734 | Elf:3    | Identified the +11 quarterstaff "Grim Tooth" {elec, rC+
                  | MP+9 Str-3 Dex+3}
 40734 | Elf:3    | Identified the +2 leather armour "Woemp" {Dex+5 Stlth+}
 40741 | Elf:3    | Identified the +9 battleaxe of Woe {heavy, ^Drain rElec
                  | Int+2 Stlth+}
 40741 | Elf:3    | Identified the ring "Unolih" {Fire rElec rN+ Will- SInv}
 40746 | Elf:3    | Identified the +8 glaive "Zokkusk" {heavy, Str+3 Dex+6
                  | Stlth-}
 40746 | Elf:3    | Identified the ring of Nufaefess {Ice rElec Int+2}
 40758 | Elf:3    | Reached XP level 19. HP: 122/157 MP: 1/41
 40977 | Elf:3    | Identified the +9 morningstar of Ufeawisew {heavy, Will+
                  | rCorr SInv}
 40992 | Elf:3    | Identified the +4 chain mail "Qasag" {rCorr Dex+3}
 41004 | Elf:3    | Identified the +6 longbow of Accord {freeze, rC+ Will+}
 41009 | Elf:3    | Identified the +0 pair of boots of Sukhly Waka {rC+ MP+9
                  | Str-2}
 41015 | Elf:3    | Got the Folio of the Dragon and the Birds
 41017 | Elf:3    | Identified the +0 rapier of Yrchiu {freeze, rN++}
 41033 | Elf:3    | Identified the staff "Cedextem" {rC+ rN+ Str+6 Necro}
 41237 | Elf:3    | Found Boyrch's Book Shoppe.
 41237 | Elf:3    | Found Peajerghi's Jewellery Boutique.
 41238 | Elf:3    | Found Ufywat's Book Shoppe.
 41248 | Elf:3    | Bought a book of Vapours for 364 gold pieces
 41254 | Elf:3    | Bought a manual of Evocations for 1520 gold pieces
 41266 | Elf:3    | Learned a level 4 spell: Ignite Poison
 41507 | Vaults:1 | Entered Level 1 of the Vaults
 41547 | Vaults:1 | Found Guisufruliug's General Store.
 41593 | Vaults:1 | Reached skill level 5 in Dodging
 41702 | Vaults:1 | Reached skill level 5 in Air Magic
 42479 | Vaults:1 | Identified the +9 hand axe "Kuyffi Zyi" {freeze, Fly Dex+3}
 43331 | Vaults:2 | Noticed Asterion
 43343 | Vaults:2 | Killed Asterion
 43344 | Vaults:2 | Reached skill level 15 in Armour
 44416 | Vaults:2 | Found Hyggeczi's Assorted Antiques.
 44423 | Vaults:2 | Bought a runed kite shield for 225 gold pieces
 45272 | Vaults:3 | Noticed a bone dragon
 45277 | Vaults:3 | Found a staircase to the Crypt.
 45283 | Vaults:3 | Killed a bone dragon
 45755 | Vaults:3 | Noticed an ancient lich
 45768 | Vaults:3 | Killed an ancient lich
 45769 | Vaults:3 | Reached XP level 20. HP: 159/165 MP: 34/42
 45830 | Vaults:3 | Identified the ring "Qyore" {Fire Will+ Dex+2}
 45831 | Vaults:3 | Identified the ring "Itikejir" {rF+ Str+6 Slay-4 SInv}
 48653 | Vaults:4 | Learned a level 6 spell: Death Channel
 48658 | Vaults:5 | Entered Level 5 of the Vaults
 48666 | Vaults:5 | Reached skill level 10 in Necromancy
 48728 | Vaults:5 | Noticed a golden dragon
 48739 | Vaults:5 | Killed a golden dragon
 48748 | Vaults:5 | Reached skill level 15 in Evocations
 48939 | Vaults:5 | Noticed a golden dragon
 48943 | Vaults:5 | Reached XP level 21. HP: 133/171 MP: 25/43
 48950 | Vaults:5 | Identified the +0 robe of Pantheism {rF+ Int+4}
 48950 | Vaults:5 | Killed a golden dragon
 49263 | Vaults:5 | Identified the +2 pair of boots of New Discoveries {Str-4
                  | Int+4 Dex+3}
 49313 | Vaults:5 | Identified the staff "Yklyots" {rPois Str+2 Dex+4 Alchemy}
 49558 | Vaults:5 | Got a silver rune of Zot
 50288 | Depths:1 | Entered Level 1 of the Depths
 50288 | Depths:1 | Noticed Mara
 50336 | Depths:1 | Noticed hikkokomori's illusion
 50355 | Depths:1 | Killed Mara
 50539 | Depths:1 | Noticed Norris
 50549 | Depths:1 | Killed Norris
 51503 | Depths:1 | Identified the amulet of Dopot {Acrobat Int+3}
 51888 | Depths:2 | Found a one-way gate leading to the halls of Pandemonium.
 51949 | Depths:2 | Reached skill level 10 in Summonings
 52006 | Depths:2 | Reached skill level 14 in Spellcasting
 52077 | Depths:2 | Found a runed translucent door.
 52077 | Depths:2 | Noticed WeeknightWizard's ghost (veteran DEFE)
 52113 | Depths:2 | Reached skill level 15 in Shields
 52531 | Depths:2 | Reached XP level 22. HP: 181/181 MP: 29/46
 52894 | Depths:3 | Identified the +8 eveningstar "Xom's Entertainment"
                  | {freeze, rElec}
 52968 | Depths:3 | Noticed a caustic shrike
 52976 | Depths:3 | Killed a caustic shrike
 53231 | Depths:3 | Learned a level 6 spell: Bombard
 53570 | Depths:3 | Noticed Mennas
 53585 | Depths:3 | Killed Mennas
 54032 | Depths:3 | Found a one-way gate to the infinite horrors of the Abyss.
 54386 | Depths:4 | Entered Level 4 of the Depths
 54510 | Depths:4 | Found a one-way gateway to a ziggurat.
 55151 | Depths:4 | Reached skill level 1 in Staves
 55432 | Depths:4 | Reached skill level 15 in Spellcasting
 55493 | Depths:4 | Found a gate to the Realm of Zot.
 55762 | Zot:1    | Entered Level 1 of the Realm of Zot
 55988 | Zot:1    | Identified the +4 mace "Exinouc" {holy, Int+4}
 56148 | Zot:1    | Reached skill level 5 in Translocations
 56458 | Zot:1    | Noticed Vv
 56475 | Zot:1    | Killed Vv
 56476 | Zot:1    | Reached skill level 5 in Staves
 57373 | Crypt:1  | Entered Level 1 of the Crypt
 57714 | Crypt:1  | Reached XP level 23. HP: 191/192 MP: 7/48
 58969 | Crypt:1  | Reached skill level 10 in Conjurations
 61360 | Crypt:3  | Entered Level 3 of the Crypt
 62605 | Crypt:3  | Identified the +7 dagger "Satiroabb" {venom, Fly rElec
                  | Will- Int+5}
 62691 | Crypt:3  | Found a staircase to the Tomb.
 62734 | Crypt:3  | Noticed a dread lich
 62740 | Crypt:3  | Killed a dread lich
 63413 | Crypt:3  | Identified the +0 morningstar of Yptodd {flame, rN++}
 63859 | Crypt:3  | Identified the staff of the Black Skies {rElec rN++ Air}
 63874 | Crypt:3  | Noticed a dread lich
 63880 | Crypt:3  | Killed a dread lich
 64885 | Slime:1  | Entered Level 1 of the Pits of Slime
 65134 | D:14     | You paid a toll of 13 potions of heal wounds to enter a
                  | treasure trove
 65135 | Trove    | Entered a treasure trove
 65165 | Trove    | Identified the amulet of the Oligarchy {RegenMP ^Fragile
                  | rElec MP-9 Dex+9}
 65168 | Trove    | Identified the ring "Heury" {rN+ Int+3}
 65192 | Trove    | Identified the +1 kite shield "Kabeogi" {MP+9}
 65448 | Hell     | Entered the Vestibule of Hell
 65449 | Hell     | Noticed Geryon
 66398 | Hell     | Killed Geryon
 66420 | Hell     | Found a gateway to the ashen valley of Gehenna.
 66717 | Hell     | Found a gateway to the Iron City of Dis.
 66799 | Hell     | Found a gateway to the freezing wastes of Cocytus.
 66913 | Hell     | Found a gateway to the decaying netherworld of Tartarus.
 67196 | Pan      | Entered Pandemonium
 67247 | Pan      | Found an exit through the horrors of the Abyss.
 67312 | Pan      | Gained mutation: You have a beak for a mouth. [a cacodemon]
 67333 | Pan      | Noticed Farchiul the pandemonium lord
 67342 | Pan      | Killed Farchiul the pandemonium lord
 67343 | Pan      | Reached skill level 15 in Necromancy
 67392 | Pan      | Reached skill level 5 in Stealth
 67441 | Pan      | Reached XP level 24. HP: 129/202 MP: 12/48
 68586 | Pan      | Learned a level 1 spell: Apportation
 68618 | Pan      | Got a demonic rune of Zot
 71687 | Pan      | Noticed Pemn the pandemonium lord
 71697 | Pan      | Killed Pemn the pandemonium lord
 72706 | Pan      | Found a transporter.
 72811 | Pan      | Found a transporter.
 72864 | Pan      | Gained mutation: Your spells are a little easier to cast,
                  | but a little less powerful. [a cacodemon]
 72880 | Pan      | Gained mutation: Your health recovers twice as slowly from
                  | being drained. [a cacodemon]
 73276 | Pan      | Got Sif Muna's Anthology of the Amalgamated Squall
 73278 | Pan      | Identified the ring of Vaun {Fly rC++ Will+ Int-4 SInv}
 73296 | Pan      | Identified the ring "Veadduq" {rF+ rN++ Str+5 Int-2}
 73619 | Pan      | Reached skill level 16 in Spellcasting
 74394 | Pan      | Reached skill level 10 in Dodging
 74663 | Pan      | Noticed Coyler the pandemonium lord
 75218 | Pan      | Identified the +1 cloak of Weirdness {Regen+ Stlth+}
 75292 | Pan      | Gained mutation: You sometimes lose your temper in combat.
                  | [a cacodemon]
 75345 | Pan      | Killed Coyler the pandemonium lord
 75601 | Pan      | Found an exit through the horrors of the Abyss.
 76051 | Pan      | Noticed Hejaz the pandemonium lord
 76078 | Pan      | Killed Hejaz the pandemonium lord
 76110 | Pan      | Reached XP level 25. HP: 172/210 MP: 1/49
 76961 | Pan      | Found an exit through the horrors of the Abyss.
 77122 | Pan      | Reached skill level 10 in Air Magic
 78012 | Pan      | Noticed Laurchism the pandemonium lord
 78024 | Pan      | Killed Laurchism the pandemonium lord
 78645 | Pan      | Learned a level 7 spell: Haunt
 78652 | Pan      | Entered the realm of Mnoleg.
 78671 | Pan      | Gained mutation: You are dopey. (Int -2) [a cacodemon]
 78899 | Pan      | Gained mutation: You are weak. (Str -2) [a cacodemon]
 79129 | Pan      | Gained mutation: You occasionally lose the ability to drink
                  | potions when taking damage. [a cacodemon]
 79137 | Pan      | Gained mutation: You are clumsy. (Dex -2) [a neqoxec]
 79241 | Pan      | Noticed Mnoleg
 79295 | Pan      | Killed Mnoleg
 79357 | Pan      | Gained mutation: You are occasionally teleported next to
                  | monsters. [a cacodemon]
 79367 | Pan      | Lost mutation: You occasionally lose the ability to drink
                  | potions when taking damage. [potion of mutation]
 79367 | Pan      | Lost mutation: You have a beak for a mouth. [potion of
                  | mutation]
 79367 | Pan      | Lost mutation: Your spells are a little easier to cast, but
                  | a little less powerful. [potion of mutation]
 79367 | Pan      | Lost mutation: You sometimes lose your temper in combat.
                  | [potion of mutation]
 79367 | Pan      | Lost mutation: You are clumsy. (Dex -2) [potion of
                  | mutation]
 79371 | Pan      | Gained mutation: You are very dopey. (Int -4) [a cacodemon]
 79374 | Pan      | Lost mutation: You are occasionally teleported next to
                  | monsters. [potion of mutation]
 79374 | Pan      | Lost mutation: You are very dopey. (Int -4) [potion of
                  | mutation]
 79374 | Pan      | Gained mutation: You are clumsy. (Dex -2) [potion of
                  | mutation]
 79374 | Pan      | Gained mutation: You expend magic power (3 MP) to
                  | strengthen your wands. [potion of mutation]
 79800 | Pan      | Got a glowing rune of Zot
 80786 | Depths:3 | Escaped Pandemonium
 81130 | Slime:1  | Gained mutation: You occasionally lose the ability to drink
                  | potions when taking damage. [a shining eye]
 81701 | Slime:5  | Entered Level 5 of the Pits of Slime
 81837 | Slime:5  | Reached XP level 26. HP: 220/220 MP: 41/50
 81842 | Slime:5  | Reached skill level 15 in Fighting
 81842 | Slime:5  | Noticed the Royal Jelly
 81872 | Slime:5  | Found the +3 greatsling "Punk" {acid, rCorr}
 81881 | Slime:5  | Killed the Royal Jelly
 81980 | Slime:5  | Identified the +2 long sword "Wixops" {elec, rC- Dex+4}
 81997 | Slime:5  | Identified the +10 flail "Liyng" {flame, rCorr Str-3 Int+2
                  | Dex+3}
 82020 | Slime:5  | Got a slimy rune of Zot
 82022 | Slime:5  | Identified the +4 ring mail "Ocuchupo" {rElec rC+ Slay+3
                  | Stlth+}
 82025 | Slime:5  | Identified the +7 orcbow of the Immovable Bones {speed, rC-
                  | Str+5 Dex+5}
 82035 | Slime:5  | Identified the +4 hand axe "Conservator" {elec, rC+ rN+
                  | Will+ Str+3}
 82053 | Slime:5  | Identified the amulet "Qykaek" {Reflect Will- SH+5 SInv
                  | Stlth+}
 82056 | Slime:5  | Identified the +7 scimitar "Fyvuyz" {drain, Int+5 Stlth+}
 82161 | Slime:5  | Reached skill level 17 in Spellcasting
 82292 | Slime:5  | Gained mutation: Armour fits poorly on your strangely
                  | shaped body. [a shining eye]
 83273 | Zot:2    | Identified the +0 pair of boots of Qulucini {rN+ Will-
                  | Str+2 Int+4}
 83279 | Zot:2    | Lost mutation: You are dopey. (Int -2) [potion of mutation]
 83279 | Zot:2    | Lost mutation: You are clumsy. (Dex -2) [potion of
                  | mutation]
 83279 | Zot:2    | Lost mutation: Armour fits poorly on your strangely shaped
                  | body. [potion of mutation]
 83279 | Zot:2    | Gained mutation: Your natural rate of healing is unusually
                  | fast. [potion of mutation]
 83279 | Zot:2    | Lost mutation: You occasionally lose the ability to drink
                  | potions when taking damage. [potion of mutation]
 83279 | Zot:2    | Gained mutation: You are strong-willed. (Will+) [potion of
                  | mutation]
 83337 | Zot:2    | Reached skill level 15 in Air Magic
 83861 | Zot:2    | Noticed Parghit
 83876 | Zot:2    | Killed Parghit
 85225 | Zot:3    | Reached skill level 18 in Spellcasting
 85818 | Zot:4    | Noticed Grunn
 85831 | Zot:4    | Killed Grunn
 86423 | Zot:4    | Identified the +4 long sword "Ogrebane" {freeze, Will-
                  | Str+7}
 86942 | Zot:4    | Identified the +7 mace of Checkmate {heavy, Int+4}
 87277 | Zot:5    | Entered Level 5 of the Realm of Zot
 87476 | Zot:5    | Noticed a dread lich
 87482 | Zot:5    | Killed a dread lich
 87490 | Zot:5    | Noticed an ancient lich
 87496 | Zot:5    | Noticed an orb of fire
 87496 | Zot:5    | Noticed a dread lich
 87500 | Zot:5    | Killed an ancient lich
 87501 | Zot:5    | Noticed an orb of fire
 87504 | Zot:5    | Killed a dread lich
 87506 | Zot:5    | Killed an orb of fire
 87513 | Zot:5    | Killed an orb of fire
 87664 | Zot:5    | Reached XP level 27. HP: 235/235 MP: 51/51
 87725 | Zot:5    | Noticed a dread lich
 87725 | Zot:5    | Noticed an ancient lich
 87729 | Zot:5    | Noticed an orb of fire
 87732 | Zot:5    | Noticed a dread lich
 87733 | Zot:5    | Noticed an ancient lich
 87741 | Zot:5    | Killed an ancient lich
 87745 | Zot:5    | Killed an ancient lich
 87786 | Zot:5    | Gained mutation: Your flesh is heat resistant. (rF+)
                  | [mutagenic glow]
 88281 | Zot:5    | Identified the staff of Gehenna {^Fragile rElec rN+ Str+5
                  | Necro Tloc}
 88585 | Zot:5    | Killed a dread lich
 88970 | Zot:5    | Killed an orb of fire
 89475 | Zot:5    | Killed a dread lich
 90120 | Pan      | Entered the realm of Gloorx Vloq.
 90120 | Pan      | Entered Pandemonium
 90186 | Pan      | Found an exit through the horrors of the Abyss.
 90981 | Pan      | Learned a level 8 spell: Maxwell's Capacitive Coupling
 91660 | Pan      | Reached skill level 19 in Spellcasting
 91665 | Pan      | Noticed Gloorx Vloq
 91694 | Pan      | Killed Gloorx Vloq
 92627 | Pan      | Got a dark rune of Zot
 92815 | Pan      | Learned a level 8 spell: Borgnjor's Revivification
 92939 | Pan      | Identified the ring "Riaxt" {Fire rElec Dex-2 SInv Stlth-}
 93434 | Pan      | Entered the realm of Cerebov.
 93733 | Pan      | Found an exit through the horrors of the Abyss.
 94518 | Pan      | Found the +6 sword of Cerebov {flame}
 94518 | Pan      | Noticed Cerebov
 94523 | Pan      | Killed Cerebov
 94524 | Pan      | Reached skill level 10 in Fire Magic
 94535 | Pan      | Identified the +0 chain mail of Wuddeuw {Str+4}
 94584 | Pan      | Identified the staff "Icol" {Fly rN+ Dex+4 SInv Necro}
 94585 | Pan      | Identified the +0 gold dragon scales "Dyhutoas" {rElec
                  | rPois rF+ rC+ Int+3 Dex+2 Stlth+}
 94617 | Pan      | Identified the +4 hand axe "Woxuj" {flame, rElec rF+ rN+
                  | Int-2}
 94644 | Pan      | Identified the staff of Blushing Misery {rF+ rC- rN+ Hexes
                  | Necro Fire}
 94648 | Pan      | Got the Cyclopedia of Iniquitous Arts
 94649 | Pan      | Identified the +5 longbow of Bofef {antimagic, rElec}
 95465 | Pan      | Got a fiery rune of Zot
 95543 | Pan      | Reached skill level 20 in Spellcasting
 95564 | Pan      | Entered the realm of Lom Lobon.
 96385 | Pan      | Noticed Lom Lobon
 96389 | Pan      | Killed Lom Lobon
 96444 | Pan      | Got a magical rune of Zot
 96622 | Pan      | Found an exit through the horrors of the Abyss.
 96779 | Pan      | Noticed Paskae the pandemonium lord
 96792 | Pan      | Killed Paskae the pandemonium lord
 96794 | Pan      | Gained mutation: Your spells are a little easier to cast,
                  | but a little less powerful. [a cacodemon]
 97594 | Pan      | Found an exit through the horrors of the Abyss.
 97604 | Pan      | Took an exit into the Abyss.
 97604 | Abyss:1  | Escaped into the Abyss
 98621 | Abyss:3  | Reached skill level 21 in Spellcasting
 99058 | Abyss:3  | Noticed a juggernaut
 99070 | Abyss:3  | Killed a juggernaut
 99074 | Abyss:3  | Got an abyssal rune of Zot
 99204 | Depths:3 | Escaped the Abyss
 99267 | Pan      | Entered Pandemonium
 99333 | Pan      | Noticed Urghu the pandemonium lord
 99367 | Pan      | Killed Urghu the pandemonium lord
 99469 | Pan      | Identified the +1 hat of Salvation {^Contam rN+ SInv}
 99626 | Pan      | Found an exit through the horrors of the Abyss.
100133 | Pan      | Noticed Dylac the pandemonium lord
100183 | Pan      | Killed Dylac the pandemonium lord
100601 | Pan      | Reached skill level 15 in Fire Magic
100625 | Pan      | Found a runed translucent door.
100648 | Pan      | Got the Precepts of Bewitching Bringing Forth
101002 | Pan      | Reached skill level 22 in Spellcasting
101125 | Pan      | Learned a level 7 spell: Malign Gateway
101135 | Pan      | Identified the +0 ring mail "Sitzer" {^Contam Fly rN+
                  | Stlth+}
101443 | Depths:3 | Escaped Pandemonium
101598 | Coc:1    | Entered Level 1 of Cocytus
101711 | Coc:2    | Paralysed by a wendigo for 1 turns
101840 | Coc:3    | Reached skill level 10 in Maces & Flails
102785 | Dis:1    | Entered Level 1 of the Iron City of Dis
103199 | Dis:2    | Noticed an ancient lich
103216 | Dis:2    | Reached skill level 10 in Translocations
103241 | Dis:2    | Killed an ancient lich
103750 | Dis:3    | Noticed an ancient lich
103921 | Geh:1    | Entered Level 1 of Gehenna
104098 | Geh:2    | Noticed a dread lich
104104 | Geh:2    | Killed a dread lich
104543 | Hell     | Killed an ancient lich
104778 | Pan      | Entered Pandemonium
104778 | Pan      | Found an exit through the horrors of the Abyss.
104859 | Pan      | Noticed a dread lich
104865 | Pan      | Killed a dread lich
105083 | Pan      | Gained mutation: You are frail. (-10% HP) [a neqoxec]
105125 | Pan      | Noticed Vamneg Coxa the pandemonium lord
105130 | Pan      | Killed Vamneg Coxa the pandemonium lord
105148 | Pan      | Found Vamneg Coxa's Book Boutique.
105192 | Pan      | Found Vamneg Coxa's Fine Accessories.
105213 | Pan      | Found Vamneg Coxa's Superb Hardware.
105287 | Pan      | Found Vamneg Coxa's Rarities Bin.
105334 | Pan      | Bought a wand of light (7) for 676 gold pieces
105334 | Pan      | Bought a wand of roots (4) for 220 gold pieces
105334 | Pan      | Bought a wand of roots (5) for 276 gold pieces
105334 | Pan      | Bought a wand of light (7) for 676 gold pieces
106048 | Depths:3 | Escaped Pandemonium
106059 | Depths:3 | Learned a level 8 spell: Ignition
106115 | Zig:1    | Entered Level 1 of a ziggurat
106134 | Zig:1    | Identified the +0 robe of Howling Wind {rC+ Dex+3}
106150 | Zig:2    | Entered Level 2 of a ziggurat
106169 | Zig:2    | Identified the ring of Toix {Ice Int+2 Dex+3}
106190 | Zig:3    | Entered Level 3 of a ziggurat
106205 | Zig:3    | Identified the +9 flail of Eternal Vigilance {heavy, rPois
                  | Will+ rCorr Dex+2}
106211 | Zig:4    | Entered Level 4 of a ziggurat
106358 | Zig:5    | Entered Level 5 of a ziggurat
106383 | Zig:6    | Entered Level 6 of a ziggurat
106665 | Zig:7    | Entered Level 7 of a ziggurat
106701 | Zig:7    | Identified the +4 scale mail of Ceac {Rampage Int+3 Dex-3}
106785 | Zig:8    | Entered Level 8 of a ziggurat
106792 | Zig:8    | Noticed Rokh the pandemonium lord
106801 | Zig:8    | Killed Rokh the pandemonium lord
106816 | Zig:8    | Identified the +6 short sword "Filurur" {freeze, rElec
                  | Dex+3}
106822 | Zig:8    | Identified the ring of the Scavenger {rPois MP+9 Int+3}
106831 | Zig:8    | Identified the +0 rapier of Autumn {freeze, *Slow rElec
                  | Int+4}
106963 | Zig:9    | Entered Level 9 of a ziggurat
106967 | Zig:9    | Noticed an ancient lich
106978 | Zig:9    | Killed an ancient lich
106987 | Zig:9    | Got the Quarto of the Jinx and Ice
107016 | Zig:10   | Entered Level 10 of a ziggurat
107176 | Zig:10   | Identified the +2 troll leather armour of the Sky {Will+
                  | Regen+}
107187 | Zig:11   | Entered Level 11 of a ziggurat
107197 | Zig:11   | Found the amulet of the Four Winds {rN+ Will+++ Clar}
107372 | Zig:12   | Entered Level 12 of a ziggurat
107444 | Zig:12   | Identified the +0 pair of gloves "Binemput" {Str+3}
107446 | Zig:12   | Identified the +8 mace "Netymyke" {drain, SInv}
107454 | Zig:13   | Entered Level 13 of a ziggurat
107701 | Zig:13   | Identified the +4 double sword of Doubt {heavy, rElec Will-
                  | Dex+2}
107708 | Zig:13   | Identified the amulet "Fuidd" {Acrobat ^Fragile rPois rC+++
                  | Str-3}
107720 | Zig:14   | Entered Level 14 of a ziggurat
108099 | Zig:15   | Entered Level 15 of a ziggurat
108193 | Zig:15   | Identified the ring "Kyrunink" {rElec rF+}
108202 | Zig:15   | Identified the +2 arbalest of the Exiled Orbs {penet,
                  | +Blink}
108215 | Zig:16   | Entered Level 16 of a ziggurat
108404 | Zig:17   | Entered Level 17 of a ziggurat
108620 | Zig:17   | Identified the +4 morningstar of Ignis's Envy {elec,
                  | *Corrode rC++ SInv}
108631 | Zig:17   | Identified the staff of the Morning {^Fragile rF+ Will+
                  | Summ Earth}
108642 | Zig:17   | Identified the amulet of Greater Demons {Spirit -Cast rPois
                  | rN++ Dex+2}
108690 | Zig:18   | Entered Level 18 of a ziggurat
108697 | Zig:18   | Noticed Kuzaxoh the pandemonium lord
108697 | Zig:18   | Noticed Ogrol the pandemonium lord
108699 | Zig:18   | Noticed Boithroch the pandemonium lord
108699 | Zig:18   | Noticed Qiutib the pandemonium lord
108699 | Zig:18   | Noticed Sefosmew the pandemonium lord
108704 | Zig:18   | Noticed Coruo the pandemonium lord
108708 | Zig:18   | Killed Ogrol the pandemonium lord
108711 | Zig:18   | Noticed Zuriesan the pandemonium lord
108713 | Zig:18   | Killed Coruo the pandemonium lord
108714 | Zig:18   | Noticed Vepex the pandemonium lord
108714 | Zig:18   | Noticed Qeolaij the pandemonium lord
108715 | Zig:18   | Identified the amulet of Deamus {Faith Int+2}
108718 | Zig:18   | Identified the ring "Xogeig" {Ice rCorr Dex+2 Stlth+}
108721 | Zig:19   | Entered Level 19 of a ziggurat
108748 | Zig:19   | Paralysed by a wendigo for 1 turns
108783 | Zig:19   | Paralysed by a wendigo for 1 turns
108956 | Zig:19   | Identified the +8 quarterstaff of Superiority {venom,
                  | +Blink rCorr}
108963 | Zig:20   | Entered Level 20 of a ziggurat
108994 | Zig:20   | Identified the +5 great sword of Circularity {antimagic,
                  | rPois rF- Str+3}
109122 | Zig:20   | Identified the +6 short sword "Fashrir" {protect, rF+ rCorr
                  | Stlth+}
109175 | Zig:21   | Entered Level 21 of a ziggurat
109190 | Zig:21   | Noticed a juggernaut
109190 | Zig:21   | Noticed a juggernaut
109192 | Zig:21   | Killed a juggernaut
109192 | Zig:21   | Noticed a juggernaut
109193 | Zig:21   | Killed a juggernaut
109195 | Zig:21   | Reached skill level 23 in Spellcasting
109198 | Zig:21   | Killed a juggernaut
109220 | Zig:21   | Identified the +2 trident of Theory {flame, Str+2}
109224 | Zig:21   | Identified the +4 ring mail of Fortification {rC+ Will+}
109227 | Zig:21   | Identified the +9 quarterstaff "Suossus" {venom, *Noise
                  | Will+++ MP+9 Str+2}
109234 | Zig:21   | Identified the +6 sling of the Empty Page {heavy, ^Fragile
                  | rPois rF+++ Str+5}
109247 | Zig:21   | Identified the +1 helmet of Vehumet's Approval {rN+ Dex+3}
109253 | Zig:21   | Identified the +0 plate armour of Dawoilex {rPois Int+7
                  | SInv Stlth-}
109362 | Zig:22   | Entered Level 22 of a ziggurat
109409 | Zig:22   | Identified the staff "Ogre's Foe" {rElec rN+ rCorr Air}
109415 | Zig:22   | Identified the ring "Cyrchyb" {Will+ Str+8 Int-2}
109418 | Zig:22   | Identified the staff of Huoss {rF+ Will+ Str+2 Int-3 Necro
                  | Fire}
109428 | Zig:22   | Identified the amulet "Anasheps" {^Contam rF+ Regen+ SInv}
109435 | Zig:22   | Got the Encyclopedia of Altered Electricity
109442 | Zig:22   | Identified the +0 helmet of the Cockroach {+Inv Regen+
                  | Dex+4 Stlth-}
109444 | Zig:22   | Identified the ring "Giell" {rCorr Stlth+}
109519 | Zig:23   | Entered Level 23 of a ziggurat
109532 | Zig:23   | Paralysed by an air elemental for 1 turns
109706 | Zig:23   | Found the +4 Cigotuvi's embrace {Corpsefed rMiasma ^Drain
                  | rN+}
109723 | Zig:23   | Identified the ring of Essil {Ice Int+5}
109730 | Zig:23   | Identified the ring of Otakheuxt {+Blink rElec rCorr EV+5
                  | Dex-4}
109740 | Zig:23   | Identified the +2 robe "Lyptes" {Harm rN+ Str-4}
109752 | Zig:23   | Identified the +7 mace "Seyrea" {flame, rC+}
109773 | Zig:24   | Entered Level 24 of a ziggurat
109796 | Zig:24   | Reached skill level 15 in Dodging
109819 | Zig:24   | Identified the ring of Nacwiwej {Ice rElec}
109825 | Zig:24   | Got the Cyclopedia of the Boulder and Geometry
109829 | Zig:24   | Identified the ring of Riytoidgh {Wiz *Slow rN+++ Will-
                  | SInv}
109834 | Zig:24   | Identified the ring "Daashren" {Fly rPois Will- Stlth+}
109837 | Zig:24   | Identified the +5 glaive "Tuissoweg" {holy, rF+ Int+4
                  | Stlth+}
109840 | Zig:24   | Identified the staff of the Walnut {rElec rC- Will+ Dex+3
                  | Air}
109849 | Zig:24   | Identified the +6 glaive "Voq Ilit" {protect, rF+}
109850 | Zig:24   | Identified the +9 dagger of Hiunypp {venom, rN+ Int+2
                  | Stlth+}
109851 | Zig:24   | Identified the amulet of Syodeuh {Acrobat ^Drain rElec
                  | Dex+4}
109853 | Zig:24   | Reached skill level 24 in Spellcasting
109957 | Zig:25   | Entered Level 25 of a ziggurat
110135 | Zig:25   | Identified the ring of the Divine God {rPois Will- MP+9
                  | Int+3}
110151 | Zig:25   | Identified the +7 halberd "Ecoell" {venom, rElec rPois
                  | Dex+6}
110271 | Zig:26   | Entered Level 26 of a ziggurat
110302 | Zig:26   | Reached skill level 15 in Maces & Flails
110311 | Zig:26   | Found the +16 obsidian axe {drain, demonic, Mesm ^Drain Fly
                  | SInv}
110321 | Zig:26   | Identified the +9 arbalest of Wisdom {flame, rN++ Dex-2}
110324 | Zig:27   | Entered Level 27 of a ziggurat
110409 | Zig:27   | Identified the +1 cloak of the Sacrificial Victim {rF+
                  | Will+ Dex+2}
110416 | Zig:27   | Got the Folio of Immolation and Blows
110447 | Zig:27   | Identified the staff of Doubt {rN+ Str+3 Necro}
110462 | Zig:27   | Identified the +6 sling of Wawk {flame, ^Contam rN+ rCorr}
111355 | Coc:5    | Paralysed by a wendigo for 1 turns
111703 | Coc:7    | Entered Level 7 of Cocytus
112309 | Coc:7    | Paralysed by a wendigo for 1 turns
112436 | Tar:1    | Entered Level 1 of Tartarus
112984 | Pan      | Entered Pandemonium
113023 | Pan      | Noticed Xuerexy the pandemonium lord
113178 | Pan      | Found an exit through the horrors of the Abyss.
113621 | Pan      | Noticed Oteyx the pandemonium lord
113634 | Pan      | Killed Oteyx the pandemonium lord
114309 | Depths:2 | Escaped Pandemonium
114385 | Depths:2 | Killed WeeknightWizard's ghost
117491 | Dis:7    | Entered Level 7 of the Iron City of Dis
117491 | Dis:7    | Noticed an ancient lich
117491 | Dis:7    | Noticed a dread lich
117491 | Dis:7    | Noticed an ancient lich
117495 | Dis:7    | Noticed a dread lich
117495 | Dis:7    | Noticed a dread lich
117518 | Dis:7    | Killed an ancient lich
117520 | Dis:7    | Noticed a dread lich
117521 | Dis:7    | Noticed a dread lich
117522 | Dis:7    | Killed a dread lich
117526 | Dis:7    | Killed an ancient lich
117532 | Dis:7    | Killed a dread lich
117537 | Dis:7    | Killed a dread lich
117539 | Dis:7    | Killed a dread lich
117547 | Dis:7    | Killed a dread lich
117649 | Dis:7    | Noticed a dread lich
117654 | Dis:7    | Killed a dread lich
117725 | Dis:7    | Noticed an ancient lich
117729 | Dis:7    | Killed an ancient lich
118403 | Dis:7    | Reached skill level 15 in Conjurations
119492 | Dis:7    | Identified the ring of Equilibrium {rPois Will+ Slay+4}
119649 | Dis:7    | Identified the +6 spear of the Vase {heavy, rC+ Str+2}
119910 | Dis:7    | Identified the ring of Jeink {Ice Str+2}
119956 | Dis:7    | Noticed Dispater
119960 | Dis:7    | Killed Dispater
120082 | Dis:7    | Identified the staff "Onoro" {rPois rN+ Int-2 SInv Summ
                  | Necro}
120084 | Dis:7    | Got an iron rune of Zot
120143 | Dis:7    | Identified the ring of Okawaru's Whim {Fire rElec Str+2
                  | Int+5 Dex-5}
121858 | Coc:7    | Reached skill level 15 in Summonings
122784 | Coc:7    | Paralysed by a wendigo for 1 turns
123234 | Coc:7    | Identified the +9 scimitar of No Interval {flame, rElec
                  | Will+ Str-3 Dex+5}
123234 | Coc:7    | Noticed Antaeus
123238 | Coc:7    | Killed Antaeus
123357 | Coc:7    | Identified the +7 longbow "Kioboty Vuda" {elec, rF- Dex+4}
123361 | Coc:7    | Got an icy rune of Zot
123366 | Coc:7    | Identified the +1 glaive "Lelibb" {vamp, MP+9}
124405 | Tar:2    | Reached skill level 25 in Spellcasting
125279 | Tar:5    | Noticed a dread lich
125279 | Tar:5    | Noticed a dread lich
125279 | Tar:5    | Noticed a dread lich
125279 | Tar:5    | Noticed a dread lich
125279 | Tar:5    | Noticed an ancient lich
125279 | Tar:5    | Noticed an ancient lich
125287 | Hell     | Killed a dread lich
125436 | Hell     | Killed a dread lich
125436 | Hell     | Killed a dread lich
125436 | Hell     | Killed a dread lich
125499 | Hell     | Learned a level 9 spell: Dragon's Call
126082 | Geh:2    | You fall into a shaft and drop 2 floors!
127529 | Geh:7    | Entered Level 7 of Gehenna
127835 | Geh:7    | HP: 5/138 [burnt (8)]
128761 | Geh:7    | Killed from afar by a Brimstone Fiend

Illustrated notes

Levels and vault maps discovered:
D:1:      minmay_arrival_five_plusses, layout_loops_corners, serial_shops,
          nicolae_shop_statue_plus, minmay_box_of_dots
D:2:      layout_basic, minmay_pentomino_x4
D:3:      layout_loops_ring, nicolae_gozag_cash_rules_everything_around_me,
          serial_shops, shop, uniq_ijyb, uniq_terence
D:4:      layout_basic, grunt_temple_overflow_open, uniq_crazy_yiuf_cottage
D:5:      layout_basic, lemuel_doored_altar, serial_shops, nicolae_shop_crystal
D:6:      minmay_polygon_palace, layout_cave_pools, minmay_temple_entry_mist,
          serial_column_ruins, column_ruins_hut, column_ruins_hut_ruined,
          column_ruins_grid_4, column_ruins_open_tiny,
          column_ruins_corridor_corner, column_ruins_open_small_water,
          column_ruins_open_tiny, minmay_increasing_density
D:7:      layout_basic, old_standard_altar, tso_altar, lemuel_flamethrower_1
D:8:      layout_basic, guppyfry_shop_venom
D:9:      kennysheep_kobold_camp, layout_irregular_city, grunt_qazlal_sundering,
          chequers_temple_overflow_minitemple
D:10:     layout_loops_ring, old_standard_altar, enter_bailey_8,
          gammafunk_ghost_split
D:11:     layout_cave_pools, grunt_lair_entry_orc_guard_hut,
          kennysheep_orc_monster_closet_entryway
D:12:     layout_irregular_city, trog_antimagical, uniq_erolcha
D:13:     layout_basic, david_vaults_2, uniq_azrael
D:14:     layout_basic, enter_trove_6, nicolae_benzene_ring, uniq_frances,
          uniq_kirke
D:15:     gammafunk_enter_depths_forms, layout_loops_cross, serial_park_square3
          [serial_park_minivault_5x5_2]
Lair:1:   layout_misc_corridors, gauntlet_entry_generic, beast_lair_carwin_7,
          uniq_fannar, uniq_erica
Lair:2:   layout_gridlike, spider_nest_entry_funnel_web,
          lightli_volcano_entry_magma_tube, infiniplex_staircase_pool,
          uniq_amaemon
Lair:3:   layout_misc_corridors, mainiacjoe_swamp_entry_lozenge_pond, uniq_snorg
Lair:4:   layout_hall_layers, basic_altar, portal_ice_cave_entry_imps
Lair:5:   evil_forest, layout_regular_city, nicolae_slime_entry_slimehenge,
          nicolae_lair_lil_pond, st_stairs_13
Swamp:1:  layout_basic_swamp, evilmike_swamp_ruin_rubble_1
Swamp:2:  layout_falls_marsh, nicolae_swamp_orc_logging_accident
Swamp:3:  layout_basic_swamp, evilmike_swamp_ruin_house_3
Swamp:4:  swamp_icy, layout_basic_swamp, gammafunk_ghost_cemetery, swamp_pool_4,
          hangedman_swamp_diagram
Spider:1: layout_spider_delve, guppyfry_spider_mini_1
Spider:2: layout_spider_delve
Spider:3: layout_spider_delve, uniq_jorgrun, uniq_bai_suzhen
Spider:4: hellmonk_spider_rune_bug_friends
Slime:1:  layout_caves
Slime:2:  layout_caves
Slime:3:  layout_caves, basic_altar
Slime:4:  layout_caves
Slime:5:  slime_pit_nicolae_royal_road_to_ruin
Orc:1:    layout_diamond_mine, blackcustard_rock_pile
Orc:2:    st_orc_open, layout_caves, serial_shops, shop
Elf:1:    minmay_elf_arrival_circle, layout_loops_corners,
          nicolae_elf_shapeshifter_party, columned_hall_lemuel,
          nicolae_shop_dragon_depot, uniq_aizul
Elf:2:    nicolae_elf_blades_splatter_lattice
          [nicolae_blade_entry_floor_patterns], layout_gridlike, serial_shops,
          nicolae_stop_n_shop_2, nicolae_lakefront_shop,
          nicolae_shop_tiny_glass, grunt_ministairs_8, minmay_shop_star
Elf:3:    minmay_elf_hall_x, layout_geoelf_diagonals, serial_shops,
          nicolae_shop_hallway_plus, grunt_megastairs_2, minmay_shop_grove
Vaults:1: v_rooms_3, nicolae_vaults_gold_heap, nicolae_vaults_halls_meeting,
          nicolae_vaults_rhombus_5, vaults_dpeg_hooks, nicolae_vaults_house_3,
          hangedman_vaults_stretched_pinwheel, v_misc_8, vaults_room_fours,
          hangedman_vaults_maws, nicolae_vaults_tangram_1, vaults_room_grid,
          v_misc_26, layout_vaults_omnicross, serial_shops, shop
Vaults:2: vaults_standard_mumra_x, nicolae_vaults_ninety_degrees,
          nicolae_vaults_heart-shaped_vault, nicolae_vaults_closet_pinwheel_4,
          nicolae_vaults_closet_pinwheel_6, v_pattern_3, vaults_room_semicircle,
          layout_vaults_quadrants, serial_shops, shop, uniq_asterion
Vaults:3: nicolae_vaults_you_can_take_it_with_you, vaults_room_large_hall,
          nicolae_vaults_windows_and_doors_thing,
          minmay_crypt_entry_nasty_monster, nicolae_vaults_six-pack,
          ontoclasm_vaults_bender, nicolae_vaults_network_barrier,
          nicolae_vaults_shrinking_rooms_1, v_misc_1,
          nicolae_vaults_trapezoid_2, nicolae_vaults_variable_pillar_hall,
          nicolae_vaults_more_shelving_1, layout_vaults_maze_bifur
Vaults:4: v_alt_pattern_2, nicolae_vaults_corridor_and_loot_room, v_misc_9,
          v_pattern_4, nicolae_vaults_tetromino_T_1, vaults_room_door_ring,
          grunt_vaults_bifocal, nicolae_vaults_three_branches,
          layout_vaults_chaotic_city
Vaults:5
Crypt:1:  layout_gridlike, amcnicky_mini_pool_small, grunt_crypt_arrival_webbed,
          grunt_megastairs_4
Crypt:2:  layout_regular_city
Crypt:3:  quadcrypt_mu
Depths:1: layout_roguey, lightli_too_deep, roadster_trireme, uniq_norris,
          uniq_mara
Depths:2: minmay_octagon_keep, layout_basic, hell_entry,
          hellmonk_ghost_happy_afterlife, pan_entry
Depths:3: minmay_cut_squares, layout_honeycomb, hell_entry, pan_entry,
          abyss_entry_flame_altar, elyvilon_altar_4, kennysheep_generic_room_7,
          uniq_mennas
Depths:4: grunt_zot_entry_tricorne, layout_long_grid, enter_ziggurat_e,
          pf_hell_entry_great_geh, st_stairs_5
Hell
Dis:1:    layout_gridville
Dis:2:    layout_gridville, nicolae_dis_metal_lava_thing
Dis:3:    lightli_tower_of_babel
Dis:4:    tekkud_dis_hexagon_chokepoint, layout_overlapping_boxes
Dis:5:    layout_jigsaw, nicolae_hells_fiendish_ambush
Dis:6:    layout_regular_city
Dis:7:    iron_city_of_dis [dis_old, dis_wall_5], layout_gridville,
          nicolae_dis_liches_on_tour
Geh:1:    layout_gehenna_lava_caves, lemuel_flamethrower_2
Geh:2:    layout_gehenna_pools_basic
Geh:3:    layout_gehenna_pools_basic, nicolae_geh_lava_lounge
Geh:4:    layout_gehenna_pools_triple
Geh:5:    layout_gehenna_lava_caves
Geh:6:    layout_gehenna_pools_box, nicolae_geh_lava_rosette
Geh:7:    evilmike_geh
Coc:1:    layout_cocytus_water_paths
Coc:2:    layout_ice_bergs
Coc:3:    nicolae_coc_caina, layout_cocytus_delve
Coc:4:    layout_ice_bergs
Coc:5:    layout_ice_bergs
Coc:6:    layout_cocytus_water_paths
Coc:7:    coc_grunt_cove [coc_grunt_cove_antaeus, coc_grunt_cove_fiend,
          coc_grunt_cove_fiend, coc_grunt_cove_fiend, coc_grunt_cove_fiend]
Tar:1:    layout_grid_maze
Tar:2:    nicolae_hells_demon_pit, layout_cathedral_of_symmetry
Tar:3:    layout_grid_maze, nicolae_tar_cuneiform_city
Tar:4:    layout_grid_maze
Tar:5:    layout_grid_maze, nicolae_tar_liches_on_tour
Zot:1:    layout_cellular_growth, uniq_vv
Zot:2:    layout_gridlike, lemuel_baited_zot_trap, uniq_parghit
Zot:3:    layout_twisted_circle
Zot:4:    layout_cathedral_of_symmetry, regret_index_zotdec_split_disrupt,
          uniq_grunn
Zot:5:    layout_gridlike

Skill      XL: |  1  2  3  4  5  6  7  8  9 10 11 12 13 14 15 16 17 18 19 20 21 22 23 24 25 26 27 |
---------------+----------------------------------------------------------------------------------+-----
Conjurations   | 1 2 3 5 9 11 16 | 16.0
Spellcasting   | 2 3 4 5 7 8 10 11 13 14 15 16 18 25 | 25.0
Earth Magic    | 3 5 6 7 8 9 10 | 10.0
Shields        | 1 2 3 4 5 6 9 11 12 15 16 17 22 | 22.6
Fighting       | 1 2 3 5 7 8 9 10 11 12 13 14 17 24 | 24.4
Armour         | 1 2 6 8 10 14 15 20 | 20.0
Maces & Flails | 1 3 5 6 8 9 17 | 17.3
Evocations     | 2 3 5 6 8 9 10 12 15 16 17 | 17.2
Necromancy     | 3 5 7 9 10 12 15 16 | 16.0
Summonings     | 4 6 7 8 10 11 12 20 | 20.0
Throwing       | 3 |  3.0
Dodging        | 4 7 8 9 12 18 | 18.0
Stealth        | 4 5 9 |  9.0
Alchemy        | 4 7 8 9 |  9.0
Translocations | 2 5 6 10 | 10.0
Fire Magic     | 4 5 6 8 20 | 20.0
Air Magic      | 4 6 8 14 17 20 | 20.0
Staves         | 5 7 |  7.9

Action                     |  1- 3 |  4- 6 |  7- 9 | 10-12 | 13-15 | 16-18 | 19-21 | 22-24 | 25-27 || total
---------------------------+-------+-------+-------+-------+-------+-------+-------+-------+-------++-------
  Melee: Unarmed           |    10 |       |       |       |     5 |       |       |       |       ||    15
         Morningstar       |    50 |   172 |   679 |   918 |  1726 |    36 |       |       |   657 ||  4238
         Staff             |       |       |       |       |    14 |   805 |   997 |  1378 |  3146 ||  6340
         Peck              |       |       |       |       |       |       |       |   157 |    86 ||   243
  Throw: Dart              |       |       |       |     2 |       |     1 |     1 |     2 |       ||     6
         Throwing net      |       |       |       |     2 |       |       |       |       |       ||     2
         Javelin           |       |       |       |       |     2 |       |       |       |       ||     2
   Cast: Sandblast         |    82 |     7 |    14 |     4 |     1 |       |       |       |       ||   108
         Stone Arrow       |       |       |     8 |    13 |   162 |   343 |    66 |     6 |       ||   598
         Animate Armour    |       |       |       |     5 |    51 |    53 |    22 |    51 |    36 ||   218
         Borgnjor's Vile C |       |       |       |     3 |    21 |    38 |    26 |    23 |   105 ||   216
         Animate Dead      |       |       |       |     1 |    13 |    30 |    17 |     6 |    29 ||    96
         Passwall          |       |       |       |     1 |       |       |       |       |       ||     1
         Olgreb's Toxic Ra |       |       |       |       |     6 |    93 |    76 |    19 |     4 ||   198
         Irradiate         |       |       |       |       |       |    40 |    26 |    58 |   170 ||   294
         Ignite Poison     |       |       |       |       |       |       |    40 |     7 |       ||    47
         Swiftness         |       |       |       |       |       |       |     1 |       |     2 ||     3
         Death Channel     |       |       |       |       |       |       |    10 |    22 |   103 ||   135
         Bombard           |       |       |       |       |       |       |       |   626 |   724 ||  1350
         Blink             |       |       |       |       |       |       |       |     1 |     5 ||     6
         Apportation       |       |       |       |       |       |       |       |     7 |       ||     7
         Haunt             |       |       |       |       |       |       |       |       |    19 ||    19
         Maxwell's Capacit |       |       |       |       |       |       |       |       |   270 ||   270
         Ignition          |       |       |       |       |       |       |       |       |   199 ||   199
         Malign Gateway    |       |       |       |       |       |       |       |       |    23 ||    23
         Dragon's Call     |       |       |       |       |       |       |       |       |     3 ||     3
         Borgnjor's Revivi |       |       |       |       |       |       |       |       |     2 ||     2
  Evoke: Wand              |       |       |       |     1 |    14 |    20 |     2 |    17 |   110 ||   164
         Tin of tremorston |       |       |       |       |     5 |     5 |     1 |     6 |    14 ||    31
         Phantom mirror    |       |       |       |       |     1 |     1 |     1 |     1 |     8 ||    12
         Lightning rod     |       |       |       |       |       |     8 |       |    13 |    13 ||    34
         Sack of spiders   |       |       |       |       |       |     1 |       |     1 |     8 ||    10
         Phial of floods   |       |       |       |       |       |       |       |       |     1 ||     1
    Use: Scroll            |     4 |     6 |     6 |     7 |    18 |     5 |     8 |    13 |    54 ||   121
         Potion            |     1 |     6 |       |     6 |     7 |     3 |     5 |     2 |    67 ||    97
   Stab: Sleeping          |       |       |       |     3 |     3 |       |     6 |     2 |     6 ||    20
         Distracted        |       |       |       |     1 |    12 |    21 |    17 |    12 |    74 ||   137
         Petrified         |       |       |       |       |     2 |       |       |       |     1 ||     3
         Confused          |       |       |       |       |       |       |       |     1 |     2 ||     3
         Invisible         |       |       |       |       |       |       |       |       |     8 ||     8
 Armour: Robe              |    43 |       |       |       |       |       |       |       |       ||    43
         Scale mail        |    32 |   117 |   710 |   707 |   196 |       |       |       |       ||  1762
         Skin              |       |    25 |       |       |     4 |       |       |       |    21 ||    50
         Steam dragon scal |       |       |       |   108 |   244 |       |       |       |       ||   352
         Chain mail        |       |       |       |       |  1601 |   848 |       |       |       ||  2449
         Pearl dragon scal |       |       |       |       |       |   351 |   817 |  1250 |  2804 ||  5222
  Dodge: Dodged            |    83 |   137 |   812 |   728 |  1477 |   750 |   746 |  1335 |  3052 ||  9120
  Block: Buckler           |    20 |    50 |   278 |   266 |   698 |    86 |       |       |       ||  1398
         Kite shield       |       |       |       |       |       |   689 |   901 |  1660 |  1515 ||  4765
         Tower shield      |       |       |       |       |       |       |       |       |  4612 ||  4612
